Workbook
Name Agency_type: Table15[Type d''Agence]
Name Commodities_list: Table5_Commodities_list[Description de produit HS av. volume]
Name Commodity_names: Table5_Commodities_list[Description de produit HS]
Name Companies_list: Companies[Nom complet de l’entreprise]
Name Currency_code_list: Table1_Country_codes_and_currencies[Code de devise (ISO 4217)]
Name GFS_list: Table6_GFS_codes_classification[Combiné]
Name Government_entities_list: Government_agencies[Nom complet de l’entité]
Name Project_phases_list: Table12[Étapes du projet]
Name Projectname: Companies15[Nom complet du projet]
Name Reporting_options_list: Table3_Reporting_options[Liste]
Name Revenue_stream_list: Government_revenues_table[Nom du flux de revenus]
Name Sector_list: Table7_sectors[Secteur (s)]
Name Simple_options_list: Table2_Simple_options[Liste]
Name Total_reconciled: Table10[Valeur de revenus]
Name Total_revenues: Government_revenues_table[Valeur des revenus]

Sheet Introduction
E4: Rempli le : | G4: 46037
C10: Modèle de données résumées pour les divulgations ITIE
C11: Version 2.0 appliquée le 1er Juillet 2019
C13: En remplissant ce modèle de données résumées avec des données de votre Rapport ITIE, vous rendrez ces dernières accessibles sous un format lisible par machine (Exigence 7.2.d).
C14: « Rendre le Rapport ITIE disponible en format données ouvertes (xlsx ou csv) en ligne et faire connaître sa disponibilité » - Exigence ITIE 7.1.c
C16: Comment fonctionne la publication de données ITIE :
C17: 1. N’utiliser qu’un classeur Excel par exercice fiscal couvert. Si la déclaration porte à la fois sur les hydrocarbures et l’exploitation minière, ces deux secteurs peuvent être inclus dans un seul classeur.
C18: 2. Remplir le classeur entier - parties 1 à 5
C19: 3. Prière de soumettre cette fiche de données en même temps que le Rapport ITIE. L’envoyer au Secrétariat international à : data@eiti.org.
C20: 4. Les données serviront à alimenter le référentiel mondial de données ITIE, disponible sur le site Internet international de l’ITIE à https://eiti.org/fr/donnees. Le fichier vous sera renvoyé, afin de pouvoir être publié sur les canaux de votre choix.
C22: Le présent formulaire modèle devra être rempli intégralement et soumis au Secrétariat international de l’ITIE pour chaque exercice fiscal couvert par le rapportage ITIE.
C25: Ce classeur comporte cinq parties. Insérer vos données en commençant par la partie 1 et continuer jusqu’à la partie 5
C27: Partie 1 (Présentation) : Insérer les caractéristiques relatives au pays et aux données.
... C31: Partie 5 (Données d’entreprise) : Inscrire des données d’entreprise - et celle de niveau projet - par flux de revenus.
C33: Le Secrétariat international peut prodiguer conseils et soutien sur demande. Veuillez le contacter à | E33: data@eiti.org
C35: Les cellules en orange doivent être complétées avant la soumission | E35: Les cellules en bleu ne servent qu’à indiquer les sources et/ou à inscrire des commentaires | G35: Les cellules en blanc n’exigent aucune action
C37: Vous recevrez des retours immédiats sur un certain nombre des données que vous aurez inscrites, et certaines cellules se rempliront automatiquement.
C40: Terminologie : Divulgation | E40: Terminologie : Options simples
C41: Oui, divulgation systématique : Si les données sont divulguées régulièrement et systématiquement par des entités de l’État et ou des entreprises, et si ces données sont fiables, sélectionner Oui, divulgation systématique | E41: Oui : Tous les aspects de la question ont reçu une réponse/ont été couverts.
C42: Oui, à travers le rapportage ITIE : Si le Rapport ITIE ou son site couvre certaines lacunes de divulgation relatives aux données du gouvernement ou des entreprises, sélectionner « Oui, dans le Rapport ITIE ». | E42: Partiellement : Des aspects de la question ont reçu une réponse/ont été couverts.
C43: Non disponible : Les données sont applicables au pays, mais il n’y a pas de données ou d’informations disponibles. | E43: Non : Aucune information n’est couverte.
C44: Sans objet : Si une exigence n’est pas pertinente, sélectionner « Sans objet ». Faire référence à toute information à ce sujet, telle que contenue dans le Rapport ITIE ou dans le procès-verbal d’une réunion du Groupe multipartite. | E44: Sans objet : La question n’est pas pertinente pour la rubrique en question. Si une explication est requise, faire référence à toute information démontrant la non-applicabilité.
C46: Pour plus d’information sur l’ITIE, visitez notre site Internet https://eiti.org/fr
C47: Vous voulez en savoir plus sur votre pays ? Vérifiez si votre pays met en œuvre la Norme ITIE en visitant https://eiti.org/fr/pays
C48: Pour la version la plus récente des modèles de données résumées, consultez https://eiti.org/fr/document/modele-donnees-resumees-itie
C49: Faites-nous connaître vos réactions ou signalez tout conflit au niveau des données ! Écrivez-nous à data@eiti.org
C51: Site Internet www.eiti.org Courriel secretariat@eiti.org Téléphone +47 22 20 08 00 Télécopieur +47 22 83 08 02
C52: Adresse EITI International Secretariat, Rådhusgata 26, 0151 Oslo, Norvège
B53: Pays ou région
B55: Exercice fiscal couvert par ce fichier de données
B56: Exercice fiscal couvert par ce fichier de données
B58: Source de données
B59: Source de données
B60: Source de données
B61: Source de données
B62: Source de données
B63: Source de données
B64: Source de données
B65: Source de données
B66: Source de données
... B93: Coordonnées de contact : soumission de données

Sheet Partie 1 - Présentation
G3: Modèle de données résumées
G4: =Introduction!G4 -> 46037
C8: Partie 1 - (Présentation) Elle couvre les caractéristiques du pays et des données
C9: Comment remplir cette feuille :
C10: 1. Commençant par en haut, sélectionner votre réponse dans la colonne grise. Des indications s’affichent dans les cadres jaunes dès que la cellule a été sélectionnée.
C11: 2. Lorsqu’il aura été répondu à certaines questions, de nouvelles indications et questions peuvent s’afficher. Merci de répondre à chacune d’elles jusqu’à ce que la section ait été remplie.
C12: 3. Inclure au besoin toute information supplémentaire ou tout commentaire dans la colonne Source/Commentaires.
C13: Si vous avez des questions, veuillez contacter data@eiti.org
C15: Les cellules en orange doivent être complétées avant la soumission | E15: Les cellules en bleu pâle ne servent qu’à indiquer les sources et/ou à inscrire des commentaires | G15: Les cellules en blanc n’exigent aucune action
C17: Partie 1 - Présentation
C18: Description | E18: Inscrire les données dans cette colonne | G18: Source/Commentaires
C19: Pays ou région
B20: Pays ou région | C20: Nom du pays ou de la région | E20: République démocratique du Congo
B21: Pays ou région | C21: Code ISO de la devise | E21: =IFERROR(VLOOKUP($E$20,Table1_Country_codes_and_currencies[],3,FALSE),"") -> COD | G21: La devise utilisée dans le rapport est l'USD.
B22: Pays ou région | C22: Nom de la monnaie nationale | E22: =IFERROR(VLOOKUP($E$20,Table1_Country_codes_and_currencies[],7,FALSE),"") -> Franc congolais
B23: Pays ou région | C23: Monnaie nationale selon ISO-4217 | E23: =IFERROR(VLOOKUP($E$20,Table1_Country_codes_and_currencies[],5,FALSE),"") -> CDF
C24: Exercice fiscal couvert par ce fichier de données
B25: Exercice fiscal couvert par ce fichier de données | C25: Date de début | E25: 44927
B26: Exercice fiscal couvert par ce fichier de données | C26: Date de fin | E26: 45291
C27: Source de données
B28: Source de données | C28: Un Rapport ITIE a-t-il été préparé par un Administrateur indépendant ? | E28: Oui
B29: Source de données | C29: Quel est le nom de l’entreprise ? | E29: Enerteam
B30: Source de données | C30: Date à laquelle le Rapport ITIE a été rendu public | E30: 46022
B31: Source de données | C31: URL, Rapport ITIE | E31: https://drive.google.com/drive/folders/1GO0jz65wxZIVzV4vC_ioYsmcyqE1LVSz
B32: Source de données | C32: Les données ITIE sont-elles systématiquement divulguées par le gouvernement à une adresse unique? | E32: Non | G32: Les données financières ne sont pas divulguées systèmatiquement Certaines données contextuelles sont divulguées systèmatiquement
B33: Source de données | C33: Date de publication des données ITIE | E33: N/a
B34: Source de données | C34: Lien vers le site Internet (URL) de données ITIE
B35: Source de données | C35: Existe-t-il d’autres fichiers de caractère pertinent ? | E35: Oui | G35: Les nouvels entrepôts des données (Data warehouse) pôur les deux secteurs
B36: Source de données | C36: Date à laquelle l’autre fichier a été rendu public | E36: 2025
B37: Source de données | C37: URL | E37: https://datawarehouse.ctcpm.cd/ https://datawarehouse.e-hydro.cd/home
C38: URL
C39: Accessibilités des données et données ouvertes (Exigence 7.2)
C40: Le gouvernement applique-t-il une politique de données ouvertes ? | E40: Oui, divulgation systématique
B41: Couverture/périmètre des données | C41: Portail/fichiers de données ouvertes | E41: https://www.tsl-itierdc.org/donnees-itie/ https://datawarehouse.ctcpm.cd/ https://datawarehouse.e-hydro.cd/home | G41: Les formulaires de déclaration sont collectés à travers le progiciel T/SL
B42: Couverture/périmètre des données | C42: Couverture/périmètre des données
B43: Couverture/périmètre des données | C43: Couverture sectorielle
B44: Couverture/périmètre des données | C44: Pétrole | E44: Oui | G44: Seuls les secteurs pétrolier et minier industriels sont couverts par le présent rapport. Le secteur forestier et l’artisanat minier font l’objet des rapports séparés
B45: Couverture/périmètre des données | C45: Gaz | E45: Oui
B46: Couverture/périmètre des données | C46: Mines (y compris carrières) | E46: Oui
B47: Couverture/périmètre des données | C47: Autres secteurs (autres que les secteur en amont) | E47: Non
B48: Couverture/périmètre des données | C48: Si oui, préciser le nom (insérer de nouvelles lignes si multiples)
B49: Couverture/périmètre des données | C49: Nombre d’entités de l’État déclarantes (Entreprises d'Etat incluses si collectant) | E49: 112
B50: Couverture/périmètre des données | C50: Nombre d’entreprises déclarantes (Entreprises d'Etat incluses si payeur) | E50: 56
B51: Couverture/périmètre des données | C51: Devise de déclaration (codes de devise ISO-4217) | E51: CDF
B52: Couverture/périmètre des données | C52: Taux de change utilisé : 1 USD = | E52: 2330.7
B53: Couverture/périmètre des données | C53: Source du taux de change (URL,…): | E53: https://www.bcc.cd/publications/rapports-annuels/rapport-annuel-2023-0 | G53: Rapport annuel BCC 2023
B54: Couverture/périmètre des données | C54: Exigence ITIE 4.7: Désagrégation
B55: Couverture/périmètre des données | C55: ... par flux de revenus | E55: Oui
C56: ... par entité de l’État | E56: Oui
C57: ... par entreprise | E57: Oui
C58: ... par projet | E58: Partiellement
C59: Vue d’ensemble /exigence relative aux données | E59: =SUM(E60:E63) -> 1
C60: Divulgation systématique | E60: =COUNTIF('Partie 2 - Liste de pointage'!$D:$D,Listes!$K$4)/SUM(COUNTIF('Partie 2 - Liste de pointage'!$D:$D,"*Rapportage ITIE ou divulgation systématique?*"),COUNTIF('Partie 2 - Liste de pointage'!$D:$D,Listes!$K$4),COUNTIF('Partie 2 - Liste de pointage'!$D:$D,Listes!$K$5),COUNTIF('Partie 2 - Liste de pointage'!$D:$D,Listes!$K$6),COUNTIF('Partie 2 - Liste de pointage'!$D:$D,Listes!$K$7)) -> 0.28169014 | G60: Calcul à l’aide de la liste de vérification
C61: À travers le rapportage ITIE | E61: =COUNTIF('Partie 2 - Liste de pointage'!$D:$D,Listes!$K$5)/SUM(COUNTIF('Partie 2 - Liste de pointage'!$D:$D,"*Rapportage ITIE ou divulgation systématique?*"),COUNTIF('Partie 2 - Liste de pointage'!$D:$D,Listes!$K$4),COUNTIF('Partie 2 - Liste de pointage'!$D:$D,Listes!$K$5),COUNTIF('Partie 2 - Liste de pointage'!$D:$D,Listes!$K$6),COUNTIF('Partie 2 - Liste de pointage'!$D:$D,Listes!$K$7)) -> 0.5915493 | G61: Calcul à l’aide de la liste de vérification
B62: Coordonnées de contact : soumission de données | C62: Sans objet. | E62: =COUNTIF('Partie 2 - Liste de pointage'!$D:$D,Listes!$K$6)/SUM(COUNTIF('Partie 2 - Liste de pointage'!$D:$D,"*Rapportage ITIE ou divulgation systématique?*"),COUNTIF('Partie 2 - Liste de pointage'!$D:$D,Listes!$K$4),COUNTIF('Partie 2 - Liste de pointage'!$D:$D,Listes!$K$5),COUNTIF('Partie 2 - Liste de pointage'!$D:$D,Listes!$K$6),COUNTIF('Partie 2 - Liste de pointage'!$D:$D,Listes!$K$7)) -> 0.084507042 | G62: Calcul à l’aide de la liste de vérification
B63: Coordonnées de contact : soumission de données | C63: Information non disponible | E63: =COUNTIF('Partie 2 - Liste de pointage'!$D:$D,Listes!$K$7)/SUM(COUNTIF('Partie 2 - Liste de pointage'!$D:$D,"*Rapportage ITIE ou divulgation systématique?*"),COUNTIF('Partie 2 - Liste de pointage'!$D:$D,Listes!$K$4),COUNTIF('Partie 2 - Liste de pointage'!$D:$D,Listes!$K$5),COUNTIF('Partie 2 - Liste de pointage'!$D:$D,Listes!$K$6),COUNTIF('Partie 2 - Liste de pointage'!$D:$D,Listes!$K$7)) -> 0.042253521 | G63: Calcul à l’aide de la liste de vérification
B64: Coordonnées de contact : soumission de données | C64: Nom et coordonnées de contact de la personne soumettant ce fichier
B65: Coordonnées de contact : soumission de données | C65: Name | E65: Mohamed Aziz Ayari
C66: Organisation | E66: Enerteam
C67: Adresse électronique | E67: A.ayari@enerteam.tn
C70: Pour plus d’information sur l’ITIE, visitez notre site Internet https://eiti.org/fr
C71: Vous voulez en savoir plus sur votre pays ? Vérifiez si votre pays met en œuvre la Norme ITIE en visitant https://eiti.org/fr/pays
C72: Pour la version la plus récente des modèles de données résumées, consultez https://eiti.org/fr/document/modele-donnees-resumees-itie
C73: Faites-nous connaître vos réactions ou signalez tout conflit au niveau des données ! Écrivez-nous à data@eiti.org
B74: Couverture/périmètre des données
B75: Couverture/périmètre des données | C75: Site Internet www.eiti.org Courriel secretariat@eiti.org Téléphone +47 22 20 08 00 Télécopieur +47 22 83 08 02
B76: Couverture/périmètre des données | C76: Adresse EITI International Secretariat, Rådhusgata 26, 0151 Oslo, Norvège
B77: Couverture/périmètre des données
B78: Couverture/périmètre des données
B79: Couverture/périmètre des données
B80: Couverture/périmètre des données
B81: Couverture/périmètre des données
B82: Couverture/périmètre des données
B83: Couverture/périmètre des données
B84: Couverture/périmètre des données
B85: Couverture/périmètre des données
B86: Couverture/périmètre des données
B87: Couverture/périmètre des données
B88: Couverture/périmètre des données
... B98: Coordonnées de contact : soumission de données

Sheet Partie 2 - Liste de pointage
H3: Modèle de données résumées
H4: =Introduction!G4 -> 46037
B8: Partie 2 (liste de vérification) Elle couvre l’information contextuelle et financière agrégée prévue par les Exigences ITIE 2,3,4,5 et 6.
B9: Comment remplir cette feuille :
B10: Pour chaque ligne, veuillez procéder comme suit
B11: 1. Commençant par le haut, répondez aux questions de la première colonne (Inclusion). Des indications vous sont données dans les cadres jaunes une fois que la cellule est mise en évidence. Cliquez sur les cellules relatives à chaque Exigence ITIE pour faire apparaître le libellé de la Norme ITIE.
B12: 2. D’autres orientations apparaissent lorsque vous remplissez les cellules. Remplissez-les comme indiqué, complétant chaque colonne de chaque ligne avant de remplir la ligne suivante.
B13: Par exemple, en sélectionnant « Oui, dans le Rapport ITIE », le texte « Veuillez inclure la section du Rapport ITIE » dans la case Source/unités apparaît.
B14: 3. Insérez au besoin toute information supplémentaire ou tout commentaire dans la colonne Commentaires/Notes.
B15: Si vous avez des questions, veuillez contacter data@eiti.org
B17: Les cellules en orange doivent être complétées avant la soumission | D17: Les cellules en bleu pâle ne servent qu’à indiquer les sources et/ou inscrire des commentaires | F17: Ignorez les cellules en blanc, car elles n’exigent aucune action
B19: Partie 2 - Liste de pointage
B20: Veuillez répondre à toutes les questions posées ci-dessous.
B22: Exigence | D22: Inclusion | F22: Source/unités | H22: Commentaires/Notes
B23: Exigence ITIE 2.1 : Cadre légal et régime fiscal
B24: Le gouvernement publie-t-il des informations concernant
B25: Les lois et réglementations ? | D25: Oui, divulgation systématique | F25: https://datawarehouse.ctcpm.cd/emine/cadre/juridique/legislation/Codes%20miniers https://datawarehouse.e-hydro.cd/ehydro/cadre/juridique/arrete
B26: Vue d’ensemble des rôles des agences gouvernementales ? | D26: Oui, à travers le rapportage ITIE | F26: Section 2.1 Cadre juridique et régime fiscal du rapport ITIE
B27: Régime des droits pétroliers et miniers? | D27: Oui, à travers le rapportage ITIE | F27: Section 2.1 Cadre juridique et régime fiscal du rapport ITIE
B28: Régime fiscal ? | D28: Oui, à travers le rapportage ITIE | F28: Section 2.1 Cadre juridique et régime fiscal du rapport ITIE
B30: Exigence ITIE 2.2: Octroi des contrats et licences
B31: Le gouvernement publie-t-il des informations concernant
B32: le processus d’octroi des licences ? | D32: Oui, divulgation systématique | F32: https://cami.cd/procedures/
B33: et les critères techniques et financiers utilisés ? | D33: Oui, à travers le rapportage ITIE | F33: Section 2.2 : Octroi des licences et des contrats
B34: le(s) processus de transfert de licences ? | D34: Oui, à travers le rapportage ITIE | F34: Section 2.2 : Octroi des licences et des contrats
B35: et les critères techniques et financiers utilisés ? | D35: Oui, à travers le rapportage ITIE | F35: Section 2.2 : Octroi des licences et des contrats
B36: processus d’appel d’offres : | D36: Oui, à travers le rapportage ITIE | F36: Section 2.2 : Octroi des licences et des contrats
B37: Nombre d’octrois et de transferts pour l’exercice couvert | D37: Oui, à travers le rapportage ITIE | F37: Section 2.2 : Octroi des licences et des contrats
B39: Exigence ITIE 2.3: Registre des licences
B40: Registres des licences pour le secteur minier | D40: Oui, divulgation systématique | F40: https://cami.cd/wp-content/uploads/2025/10/REGISTRE_DM_DT_30_09_2025.pdf https://datawarehouse.ctcpm.cd/emine/operateur/all
B41: Registre des licences pour le secteur pétrolier | D41: Oui, divulgation systématique | F41: https://www.itierdc.net/carte-de-la-rdc-cliquable/registre-petrolier/ https://datawarehouse.e-hydro.cd/ehydro/operateur/all
B42: Registre des licences pour tout autre secteur - ajouter des lignes au besoin | D42: Sans objet. | F42: Non applicable
B44: Exigence ITIE 2.4: Divulgation des contrats
B45: Politique sur la divulgation des contrats | D45: Oui, divulgation systématique
B46: Les contrats sont-ils divulgués ? | D46: Oui, divulgation systématique
B47: Registre des contrats pour le secteur minier | D47: Oui, divulgation systématique | F47: https://datawarehouse.ctcpm.cd/emine/cadre/juridique/contrat/principaltous/contrant/tc
B48: Registre des contrats pour le secteur pétrolier | D48: Oui, divulgation systématique | F48: https://datawarehouse.e-hydro.cd/ehydro/cadre/juridique/contrat/principal/tous/contrant/tc
B49: Registre des contrats pour tout autre secteur - ajouter des ligne s’il y en a plusieurs | D49: Oui, divulgation systématique | F49: https://www.itierdc.net/contrats-forestiers/ | H49: Secteur Forestier
B51: Exigence ITIE 2.5: Propriété réelle
B52: Politique du gouvernement concernant la propriété réelle | D52: Oui, à travers le rapportage ITIE | F52: Section 2.5 du rapport ITIE
B53: Des données de propriété réelle sont-elles divulguées ? | D53: Oui, à travers le rapportage ITIE | F53: https://datawarehouse.ctcpm.cd/emine/proprietaire/effectif
B54: Registre de la propriété réelle | D54: Sans objet. | H54: Registre en cours d'implémentation Projet e-reporting en cours d'implémentation
B56: Exigence ITIE 2.6 : Participation de l’État
B57: Le gouvernement rend-il compte de sa participation dans le secteur extractif ? | D57: Oui, à travers le rapportage ITIE | F57: Section 2.6 du rapport ITIE
B58: Toute référence à des entreprises d’État (portails ou sites Internet d’entreprise), telle que paraissant dans le Rapport (Ajouter des lignes si plusieurs Entreprises D'Etat) | F58: =IF(D58=Listes!$K$4,"< Indiquez l'URL de la source >",IF(D58=Listes!$K$5,"< Référence de la section dans le Rapport ITIE ou URL>",IF(D58=Listes!$K$6,"< Référence de la non-applicabilité >","")))
B59: GECAMINES | D59: Oui, à travers le rapportage ITIE | F59: Section 2.6. Participation de l’État
B60: SACIM | D60: Oui, à travers le rapportage ITIE | F60: Section 2.6. Participation de l’État
B61: COMINIERE | D61: Oui, à travers le rapportage ITIE | F61: Section 2.6. Participation de l’État
B62: SAKIMA | D62: Oui, à travers le rapportage ITIE | F62: Section 2.6. Participation de l’État
B63: SOKIMO | D63: Oui, à travers le rapportage ITIE | F63: Section 2.6. Participation de l’État
B64: SCMK-Mn | D64: Oui, à travers le rapportage ITIE | F64: Section 2.6. Participation de l’État
B65: SODIMICO | D65: Oui, à travers le rapportage ITIE | F65: Section 2.6. Participation de l’État
B66: MIBA | D66: Oui, à travers le rapportage ITIE | F66: Section 2.6. Participation de l’État
B67: SONAHYDROC | D67: Oui, à travers le rapportage ITIE | F67: Section 2.6. Participation de l’État
B68: Référence au(s) rapport(s) financier(s) audité(s) (Ajouter des lignes si plusieurs Entreprises d'Etat)
B69: GECAMINES | D69: Oui, divulgation systématique | F69: https://www.gecamines.cd/rapport/
B70: SACIM | D70: Oui, à travers le rapportage ITIE | F70: Section 2.6. Participation de l’État
B71: COMINIERE | D71: Oui, divulgation systématique | F71: Les EFS COMINIERE
B72: SAKIMA | D72: Non disponible
B73: SOKIMO | D73: Non disponible
B74: SCMK-Mn | D74: Non disponible
B75: SODIMICO | D75: Oui, divulgation systématique | F75: https://csp.cd/fileadmin/templates/php/consult.php
B76: MIBA | D76: Oui, divulgation systématique | F76: https://csp.cd/fileadmin/templates/php/consult.php
B77: SONAHYDROC | D77: Oui, divulgation systématique | F77: https://csp.cd/fileadmin/templates/php/consult.php
B79: Exigence ITIE 3.1: Prospection
B80: Vue d’ensemble des industries extractives, y compris de toute activité importante de prospection. | D80: Oui, à travers le rapportage ITIE | F80: Section 3.1. Exploration
B82: Exigence ITIE 3.2: Production
B83: (Nomenclature SH des Nations Unies)
B84: Divulgation des volumes de production | D84: Oui, divulgation systématique | F84: https://www.bcc.cd/publications/rapports-annuels/rapport-annuel-2023-0 | H84: Les données dans le rapport sont issues principalement du rapport de la BCC. Le rapport présente également les données publiées par le ministères des mines (Data warehouse de la CTCPM) et celles divulguées dans le cadre du rapportage ITIE
B85: Divulgation des valeurs de production | D85: Oui, divulgation systématique | F85: https://www.bcc.cd/publications/rapports-annuels/rapport-annuel-2023-0
B86: Cuivre (2603), volume | D86: 2842022 | F86: Tonnes
B87: Cuivre (2603), valeur | D87: 24189000000 | F87: USD | H87: Cours mondiaux des principaux minerais
B88: Zinc (2608), volume | D88: 11287 | F88: Tonnes
B89: Zinc (2608), valeur | D89: 30000000 | F89: USD | H89: Cours mondiaux des principaux minerais
B90: Cobalt (2605), volume | D90: 139838 | F90: Tonnes
B91: Cobalt (2605), valeur | D91: 5057000000 | F91: USD | H91: Cours mondiaux des principaux minerais
B92: Diamants (7102), volume | D92: 8306 | F92: carats
B93: Diamants (7102), valeur | D93: 85000000 | F93: USD | H93: Cours mondiaux des principaux minerais
B94: Or (7108), volume | D94: =34526*0.001 -> 34.526 | F94: Tonnes
B95: Or (7108), valeur | D95: 2367000000 | F95: USD | H95: Cours mondiaux des principaux minerais
B96: Cassitérite, volume | D96: 29239 | F96: Tonnes
B97: Cassitérite, valeur | H97: Le cours n'est pas disponible
B98: Wolframite, volume | D98: 205 | F98: Tonnes
B99: Wolframite, valeur | H99: Le cours n'est pas disponible
B100: Colombo-tantalite, volume | D100: 2500 | F100: Tonnes
B101: Colombo-tantalite, valeur | H101: Le cours n'est pas disponible
B102: Pétrole brut (2709), volume | D102: 8430000 | F102: Barils
B103: Pétrole brut (2709), valeur | D103: 654000000 | F103: USD
B105: Exigences ITIE 3.3 : Exportations
B106: Divulgation des volumes d’exportation | D106: Oui, divulgation systématique | F106: https://www.bcc.cd/publications/rapports-annuels/rapport-annuel-2023-0 | H106: Les données dans le rapport sont issues principalement du rapport de la BCC. Le rapport présente également les données publiées par le ministères des mines (Data warehouse de la CTCPM) et celles divulguées dans le cadre du rapportage ITIE
B107: Divulgation des valeurs d’exportation | D107: Oui, divulgation systématique | F107: https://www.bcc.cd/publications/rapports-annuels/rapport-annuel-2023-0
B108: Cuivre (2603), volume | D108: 2926613 | F108: Tonnes
B109: Cuivre (2603), valeur | D109: 23198000000 | F109: USD
B110: Zinc (2608), volume | D110: 13451 | F110: Tonnes
B111: Zinc (2608), valeur | D111: 22300000 | F111: USD
B112: Cobalt (2605), volume | D112: 154443 | F112: Tonnes
B113: Cobalt (2605), valeur | D113: 3559000000 | F113: USD
B114: Diamants (7102), volume | D114: 7743 | F114: carats
B115: Diamants (7102), valeur | D115: 78000000 | F115: USD
B116: Or (7108), volume | D116: =34904*0.001 -> 34.904 | F116: Tonnes
...

Sheet Partie 3 - Entités déclarantes
E3: Modèle de données résumées
E4: =Introduction!G4 -> 46037
B8: Partie 3 (Entités déclarantes) Elle énumère les entités déclarantes (entités de l’État, entreprises et projets) et fournit des informations y afférentes.
B9: Comment remplir cette feuille :
B10: 1. Veuillez commencer par la première case (liste des entités déclarantes de l’État), en indiquant le nom de chacune d’elles
B11: 2. Remplissez la ligne des identifiants d’entreprise Des orientations vous seront données dans les cases jaunes lorsque la cellule est mise en évidence
B12: 3. Remplissez la liste des entreprises déclarantes, commençant par la première colonne, « Nom complet de l’entreprise » Remplissez en suivant les instructions, complétant chaque colonne sur chaque ligne avant de commencer la ligne suivante.
B13: 4. Remplissez la liste des Projets à déclarer, commençant par la première colonne, « Nom complet du projet »
B14: Si vous avez des questions, veuillez contacter data@eiti.org
B16: Partie 3 - Entités déclarantes
B17: Veuillez fournir une liste de toutes les entités déclarantes, accompagnée de l’information y afférente
B19: Liste des entités de l’État déclarantes
B20: Nom complet de l’entité | C20: Type d'Agence | D20: N° d’identifiant (le cas échéant) | E20: Total déclaré
B21: DGI | C21: Administration centrale | D21: Non applicable | E21: 2275928052
B22: DGDA | C22: Administration centrale | D22: Non applicable | E22: 1189785076
B23: DGRAD | C23: Administration centrale | D23: Non applicable | E23: 809829313
B24: GECAMINES | C24: Société publique financière et Entreprise d'Etat | D24: A0701147F | E24: 463777259
B25: DRLU | C25: Administration locale | D25: Non applicable | E25: 365494410
B26: FOMIN | C26: Administration centrale | D26: Non applicable | E26: 146979646
B27: DRHKAT | C27: Administration locale | D27: Non applicable | E27: 119997977
B28: Autres bénéficiaires | C28: Autre | D28: Non applicable | E28: 60229479
B29: CEEC | C29: Administration centrale | D29: Non applicable | E29: 46347708
B30: CHEFFERIE DE BAYEKE | C30: Administration locale | D30: Non applicable | E30: 45403855
B31: SECTEUR DE LUILU | C31: Administration locale | D31: Non applicable | E31: 39038111
B32: BCC | C32: Administration centrale | D32: Non applicable | E32: 27429141
... B110: SECTEUR DE BITULE | C110: Administration locale | D110: Non applicable | E110: 7925
E112: =SUBTOTAL(109,Government_agencies[Total déclaré]) -> 5846198315
B115: Liste des entreprises déclarantes
B116: Identifiants d’entreprise
B117: Exemple : N° identification de contribuable | C117: The Brønnøysund Register Centre | D117: Si possible, indiquer le lien vers le registre ou l’entité
B119: Nom complet de l’entreprise | C119: Type d'entreprise | D119: Identifiant de l’entreprise | E119: Secteur | F119: Matières premières (séparation par virgule) | G119: Cotation boursière ou site Internet d’entreprise | H119: Rapport financier audité (si indisponible, bilan comptable ou flux de trésorerie…) | I119: Rapport de paiements à l’État
B120: TENKE FUNGURUME MINING (TFM) | C120: Privée | D120: A0810758D | E120: Minier | F120: Cobalt, cuivre | G120: CMOC Ltd est cotée à la Bourse de Hong Kong (HK3993) et à la Bourse de Shanghai (SH603993). | I120: 1148645655
B121: KAMOTO COPPER COMPANY SA | C121: Privée | D121: A0701041Q | E121: Minier | F121: Cobalt, cuivre | G121: La société Katanga Mining Finance Ltd, qui détient 75 % du capital de KCC, appartient au groupe Glencore International AG, une société cotée en bourse. | I121: 655807389
B122: KAMOA COPPER SA (ex. BARBADOS) | C122: Privée | D122: A0901048A | E122: Minier | F122: Cobalt, cuivre | I122: 512057520
B123: LA COMPAGNIE MINIERE DE MUSONOIE GLOBAL | C123: Privée | D123: A0815341K | E123: Minier | F123: Cobalt, cuivre | I123: 288553303
B124: COMPAGNIE D'EXPLOITATION DES REJETS DE KINGAMYAMBO SARL | C124: Privée | D124: A1007580B | E124: Minier | F124: Cobalt, cuivre | I124: 242165676
B125: SOCIETE MINIERE DE DEZIWA SAS | C125: Privée | D125: A1712131F | E125: Minier | F125: Cobalt, cuivre | I125: 233003853
B126: MUTANDA MINING (MUMI) | C126: Privée | D126: A0704867Z | E126: Minier | F126: Cobalt, cuivre | G126: Groupe Glencore | I126: 231116296
B127: KIBALI GOLD MINES | C127: Privée | D127: A0702063B | E127: Minier | F127: Or | G127: Barrick Gold et ANGLO GOLD | I127: 194954327
B128: COMPAGNIE MINIERE DE KAMBOVE | C128: Privée | D128: A1100211S | E128: Minier | F128: Cobalt, cuivre | I128: 182328449
B129: CMOC KISANFU MINING SARL (Ex. PHELPS DODGE CONGO SARL) | C129: Privée | D129: A0906604P | E129: Minier | F129: Cobalt, cuivre | G129: China Molybdenum Co.Ltd. (PRC)(Côtée en bourse english.sse.com.cn. - hkex.com.hk. )(%) | I129: 164622255
B130: ALPHAMINBISIE MINING SA | C130: Privée | D130: A0705928C | E130: Minier | F130: Concentré d'Etain | G130: ALPHAMIN RESOURCES LTD et ALPHAMIN RESOURCES CORP | I130: 131853287
B131: FRONTIER SA | C131: Privée | D131: A0905460W | E131: Minier | F131: Cuivre | I131: 93597239
B132: MMG KINSEVERE SARL (MMG) | C132: Privée | D132: A0800394N | E132: Minier | F132: Cobalt, cuivre | I132: 89280765
B133: SINO CONGOLAISE DES MINES | C133: Privée | D133: A1007960P | E133: Minier | F133: Cobalt, cuivre | I133: 86241983
B134: KAI PENG MINING | C134: Privée | D134: A1206441Q | E134: Minier | F134: Cuivre | I134: 81536702
B135: LA MINIERE DE KALUKUNDI SPRL (LAMIKAL) | C135: Privée | D135: A0906438J | E135: Minier | F135: Cobalt, cuivre | I135: 80058049
B136: KAMBOVE MINING SAS | C136: Privée | D136: A1710145X | E136: Minier | F136: Cobalt, cuivre | I136: 72234236
B137: MUANDA INTERNATIONAL OIL COMPANY | C137: Privée | D137: A0701284E | E137: Pétrole | F137: Pétrole | I137: 69520599
B138: RUASHI MINING | C138: Privée | D138: A0704687D | E138: Minier | F138: Cobalt, cuivre | I138: 62198694
B139: Compagnie Minière de Luisha SAS | C139: Privée | D139: A0815428E | E139: Minier | F139: Cobalt, cuivre | I139: 60518060
B140: CHENGTUN CONGO RESSOURCES SARL | C140: Privée | D140: A0704478M | E140: Minier | F140: Cobalt, cuivre | I140: 56084334
B141: CONGO DONGFANG INTERNATIONAL MINING | C141: Privée | D141: A0712822W | E141: Minier | F141: Cobalt, cuivre | I141: 54808561
B142: CNMC HUACHIN MABENDE MINING SPRL | C142: Privée | D142: A1217593M | E142: Minier | F142: Cuivre | I142: 48209608
... B163: PERENCO ODS (EX. CHEVRON ODS) | C163: Privée | D163: A0703905D | E163: Pétrole | F163: Pétrole | I163: 22925811
B164: LA MINIERE DE KALUMBWE MYUNGA | C164: Privée | D164: A0704883R | E164: Minier | F164: Cuivre | G164: CHINA RAILWAY RESSOUCES UNIVERSAL LIMITES Est une filiale de China Railways Group Limited qui est une societe chinoise cotee sur les place bourssiere de Shanghai et Hong Kong. Source: www.crecg.com | I164: 22038729
B165: SABWE MINING SARL | C165: Privée | D165: A1604102C | E165: Minier | F165: Réf. annexe 17 du rapport ITIE 2023 | I165: 21014618
B166: GENERALE DES CARRIERES ET DES MINES | C166: Société publique financière et Entreprise d'Etat | D166: A0701147F | E166: Minier | F166: Cobalt, cuivre | I166: 17397065
B167: SOCIETE DE TRAITEMENT DU TERRIL DE LUBUMBASHI (STL) | C167: Privée | D167: A0700357X | E167: Minier | F167: Réf. annexe 17 du rapport ITIE 2023 | I167: 17081539
B168: SIMCO SPRL | C168: Privée | E168: Minier | F168: Réf. annexe 17 du rapport ITIE 2023 | I168: 15958398
B169: METAL MINES SARL | C169: Privée | D169: A0814803A | E169: Minier | F169: Réf. annexe 17 du rapport ITIE 2023 | I169: 15304686
B170: RUBAMIN SARL | C170: Privée | D170: A0814806D | E170: Minier | F170: Réf. annexe 17 du rapport ITIE 2023 | I170: 13754049
B171: CONGO JIN JU CHENG MINING COMPANY CJCMC | C171: Privée | D171: A0907120A | E171: Minier | F171: Réf. annexe 17 du rapport ITIE 2023 | I171: 13483454
B172: BOSS MINING | C172: Privée | D172: A0905972C | E172: Minier | F172: Réf. annexe 17 du rapport ITIE 2023 | I172: 11243989
B173: KIPUSHI CORPORATION SA (KICO) | C173: Privée | D173: A1009298T | E173: Minier | F173: Réf. annexe 17 du rapport ITIE 2023 | I173: 9457912
B174: KINSEVERE MINING RESSOURCES | C174: Privée | D174: A0907535B | E174: Minier | F174: Réf. annexe 17 du rapport ITIE 2023 | I174: 8985407
B175: DIVINE LAND MINING SARL | C175: Privée | D175: A1507009L | E175: Minier | F175: Réf. annexe 17 du rapport ITIE 2023 | I175: 8930750
B176: MACROLINK JIAYUAN MINING (MJM) | C176: Privée | D176: A0814788J | E176: Minier | F176: Réf. annexe 17 du rapport ITIE 2023 | I176: 7864766
B177: MINING MINERAL RESOURCES Sarl (MMR) | C177: Privée | D177: A0802327P | E177: Minier | F177: Réf. annexe 17 du rapport ITIE 2023 | I177: 7490852
B178: GOLDEN AFRICAN RESOURCES SARL | C178: Privée | D178: A0811093S | E178: Minier | F178: Réf. annexe 17 du rapport ITIE 2023 | I178: 6889143
B179: MINERAL METAL TECHNOLOGY SARL | C179: Privée | D179: A1805938A | E179: Minier | F179: Réf. annexe 17 du rapport ITIE 2023 | I179: 5955071
B180: CABINDA GULF OIL COMPANY LIMITED | C180: Privée | E180: Minier | F180: Réf. annexe 17 du rapport ITIE 2023 | I180: 5859109
B181: ZHAN FEI MINING SARL | C181: Privée | D181: A2282622G | E181: Minier | F181: Réf. annexe 17 du rapport ITIE 2023 | I181: 4568926
B182: EVERBRIGHT MINING SARL | C182: Privée | D182: A1916886B | E182: Minier | F182: Réf. annexe 17 du rapport ITIE 2023 | I182: 4506201
B183: BROTHER MINING SASU | C183: Privée | D183: A1716204H | E183: Minier | F183: Réf. annexe 17 du rapport ITIE 2023 | I183: 4342134
B184: JIN XUN CONGO MINING SARL | C184: Privée | D184: A1818154D | E184: Minier | F184: Réf. annexe 17 du rapport ITIE 2023 | I184: 3616713
B185: OM METAL RESOURCES SARL | C185: Privée | D185: A1212519X | E185: Minier | F185: Réf. annexe 17 du rapport ITIE 2023 | I185: 3275397
B186: CONGO JIA XIN SARL (CJX) | C186: Privée | D186: A1309746J | E186: Minier | F186: Réf. annexe 17 du rapport ITIE 2023 | I186: 3179721
B187: LA CONGOLAISE DES MINES ET DE DEVELOPPEMENT | C187: Privée | D187: A0704695M | E187: Minier | F187: Réf. annexe 17 du rapport ITIE 2023 | I187: 2563974
B188: SOCIETE ANHUI CONGO D'INVESTIMENT MINIER | C188: Société publique financière et Entreprise d'Etat | D188: A1001383Q | E188: Minier | F188: Diamant | I188: 2393826
B189: ANVIL MINING CONGO SARL (AMC) | C189: Privée | D189: A0700172W | E189: Minier | F189: Réf. annexe 17 du rapport ITIE 2023 | I189: 2343895
B190: SOCIETE SURYA MINES SARL | C190: Privée | D190: A1812418T | E190: Minier | F190: Réf. annexe 17 du rapport ITIE 2023 | I190: 2067625
B191: BENEFONE MINING SAS | C191: Privée | D191: A2178791R | E191: Minier | F191: Réf. annexe 17 du rapport ITIE 2023 | I191: 1939342
B192: CONGO COBALT CORPORATION "CCC SARL" | C192: Privée | D192: A0906508K | E192: Minier | F192: Réf. annexe 17 du rapport ITIE 2023 | I192: 1879927
... B200: BARRICK GOLD CONGO Sarl | C200: Privée | D200: A1311427L | E200: Minier | F200: Réf. annexe 17 du rapport ITIE 2023 | I200: 867442
B201: MANONO LITHIUM | C201: Privée | E201: Minier | F201: Réf. annexe 17 du rapport ITIE 2023 | I201: 800000
B202: Société Aurifère du Kivu et du Maniema | C202: Société publique financière et Entreprise d'Etat | D202: A1105861J | E202: Minier | F202: Concentré d'Etain,Monazite | I202: 762874
B203: TSHISANGAMA SIMEON MINING | C203: Privée | D203: A0805717Z | E203: Minier | F203: Réf. annexe 17 du rapport ITIE 2023 | I203: 720944
B204: La Congolaise d'Exploitation Minière | C204: Société publique financière et Entreprise d'Etat | D204: A1113407L | E204: Minier | F204: Réf. annexe 17 du rapport ITIE 2023 | I204: 681409
B205: DATHCOM MINING SAS | C205: Privée | D205: A1622637Z | E205: Minier | F205: Réf. annexe 17 du rapport ITIE 2023 | I205: 622343
B206: RUBACO SARL | C206: Privée | D206: A0814809G | E206: Minier | F206: Réf. annexe 17 du rapport ITIE 2023 | I206: 599859
B207: WORLD MINERAL RESOURCES SARL | C207: Privée | E207: Minier | F207: Réf. annexe 17 du rapport ITIE 2023 | I207: 595908
B208: LUGUSHWA MINING | C208: Privée | D208: A0700163L | E208: Minier | F208: Réf. annexe 17 du rapport ITIE 2023 | I208: 579762
B209: KAMITUGA MINING | C209: Privée | E209: Minier | F209: Réf. annexe 17 du rapport ITIE 2023 | I209: 568914
B210: NBB & FRERES | C210: Privée | D210: A1506806Q | E210: Minier | F210: Réf. annexe 17 du rapport ITIE 2023 | I210: 532560
B211: CROWN MINING SARL | C211: Privée | D211: A1006506J | E211: Minier | F211: Réf. annexe 17 du rapport ITIE 2023 | I211: 505896
B212: MINING PROGRESS COMPANY SARL (M.P.C) | C212: Privée | D212: A1500849Q | E212: Minier | F212: Réf. annexe 17 du rapport ITIE 2023 | I212: 464515
B213: CONGO FAIR MINING S.A | C213: Privée | E213: Minier | F213: Réf. annexe 17 du rapport ITIE 2023 | I213: 446034
B214: AURUM SARL | C214: Privée | D214: A0704864W | E214: Minier | F214: Réf. annexe 17 du rapport ITIE 2023 | I214: 421402
B215: INTERLACS SARL | C215: Privée | E215: Minier | F215: Réf. annexe 17 du rapport ITIE 2023 | I215: 415974
...

Sheet Partie 4 - Recettes de l’État
N3: Modèle de données résumées
N4: =Introduction!G4 -> 46037
F8: Partie 4 (Recettes de l’État) Elle contient des données exhaustives sur les revenus de l’État par flux de revenu, en utilisant la classification SFP.
F9: Comment remplir cette feuille :
F10: 1. Inscrivez le nom de tous les flux de revenus de l’État pour le secteur extractif, y compris les flux inférieurs aux seuils de matérialité convenus (utiliser une ligne pour chaque flux de revenus et pour chaque entité de l’État)
F11: 2. Inscrivez le nom de l’entité de l’État percevant les revenus (sélectionnez celle-ci sur la liste déroulante) Elle y figurera parce que vous aurez déjà inscrit l’entité de l’État à la Partie 3).
F12: 3. Choisissez le Secteur et la Classification SFP auxquels ce flux de revenus s’applique. Consultez les orientations fournies dans le Cadre SFP pour le rapportage ITIE. Si un flux de revenus ne peut être désagrégé par secteur, sélectionnez « Autre ».
F13: 4. Dans la colonne Valeur des revenus inscrivez le chiffre total de chaque flux de revenus tel que divulgué par le gouvernement, qui inclut également les revenus qui n’ont pas été rapprochés.
F14: Nota : Les paiements versés par les entreprises aux gouvernements au nom de leurs employés doivent être exclus (par exemple, l’impôt sur le revenu des particuliers / impôts retenus à la source, cotisations des employés pour la sécurité sociale) car ils ne sont pas considérés comme étant des paiements par des entreprises au gouvernement.
F15: 5. Si des paiements sont recensés dans le Rapport ITIE mais ne correspondent pas aux catégories SFP, veuillez les lister dans la case ci-dessous dénommée « Informations supplémentaires ».
F16: Si vous avez des questions, veuillez contacter data@eiti.org
F18: Total des recettes de l’État provenant du secteur extractif (utilisant la classification SFP) | M18: Cadre SFP pour le rapportage ITIE
M19: Exigence ITIE 5.1.b: Classification des revenus
F20: Exigence ITIE 4.1.d: Divulgation exhaustive de la part du gouvernement
B21: GFS Niveau 1 | C21: GFS Niveau 2 | D21: GFS Niveau 3 | E21: GFS Niveau 4 | F21: Classification SFP | G21: Secteur | H21: Nom du flux de revenus | I21: Entité de l’État | J21: Valeur des revenus | K21: Devise | M21: En quoi consiste le SFP ?
F22: Impôts ordinaires sur le revenu, le bénéfice et les plus-values (1112E1) | G22: Minier | H22: Impôt sur les bénéfices et Profits(ou Impôt Spécial Forfetaire) | I22: DGI | J22: 1096711743 | K22: USD | M22: SFP, sigle pour «Statistiques de Finances Publiques », est un cadre international pour la classification des flux de revenus afin de les rendre comparables d’un pays et d’une période à l’autre. Voir l’exemple de cadre complet ci-dessous. Le cadre utilisé ci-dessous a été élaboré par le FMI et le Secrétariat international de l’ITIE. Les chiffres à droite ont été spécifiquement conçus pour les entreprises du secteur extractif La lettre E dans la colonne des codes SFP signifie que ce sont les codes utilisés pour les revenus issus des entreprises extractives. Les chiffres situés à gauche de la lettre E sont les codes SFP réguliers.
F23: Droits de douane et autres droits d’importation (1151E) | G23: Minier | H23: Droits et taxes à l'importation (Totale Quittance) | I23: DGDA | J23: 813975208 | K23: USD
F24: Redevances (1415E1) | G24: Minier | H24: Redevance Minière: Quote-part Trésor (50%) | I24: DGRAD | J24: 512316454 | K24: USD
F25: Amendes, peines et dédits (143E) | G25: Minier | H25: Avis de Mise en Recouvrement A | I25: DGI | J25: 480163998 | K25: USD
F26: Taxes sur les exportations (1152E) | G26: Minier | H26: Droits et Taxes A L'Exportation (Totale Quittance) | I26: DGDA | J26: 342909324 | K26: USD
F27: Impôts ordinaires sur le revenu, le bénéfice et les plus-values (1112E1) | G27: Minier | H27: Impôts Professionnel sur les Rémunérations et Exceptionnel sur la Rémunération des Expatriés | I27: DGI | J27: 242660898 | K27: USD | M27: Pour plus d’orientations, visitez la page https://eiti.org/fr/document/modele-donnees-resumees-itie
F28: Livré/payé à une/des entreprise(s) d’État (1415E32) | G28: Minier | H28: Accords transactionnels | I28: GECAMINES | J28: 200000000 | K28: USD | M28: ou https://www.imf.org/external/pubs/ft/gfs/manual/pdf/2014companion/FrenchGFSM.pdf
F29: Redevances (1415E1) | G29: Minier | H29: Redevance Minière: Quote-part Province (25%) | I29: DRLU | J29: 188994952 | K29: USD
F30: Livré/payé à une/des entreprise(s) d’État (1415E32) | G30: Minier | H30: Dividendes des Entreprises publiques | I30: GECAMINES | J30: 178485778 | K30: USD
F31: Amendes, peines et dédits (143E) | G31: Minier | H31: Avis de Mise en Recouvrement B | I31: DGI | J31: 139222725 | K31: USD
F32: Redevances (1415E1) | G32: Minier | H32: Redevances minières: FOMIN (10%) | I32: FOMIN | J32: 119997977 | K32: USD
F33: Impôts sur la propriété (113E) | G33: Minier | H33: Impôt mobilier | I33: DGI | J33: 113743366 | K33: USD
F34: Autres impôts payés par les entreprises exploitant des ressources naturelles (116E) | G34: Minier | H34: Taxe Concentrés | I34: DRLU | J34: 93091316 | K34: USD
B35: =IFERROR(VLOOKUP(Government_revenues_table[[#This Row],[Classification SFP]],Table6_GFS_codes_classification[],COLUMNS($F:F)+3,FALSE),"Do not enter data") -> Impôts (11E) | C35: =IFERROR(VLOOKUP(Government_revenues_table[[#This Row],[Classification SFP]],Table6_GFS_codes_classification[],COLUMNS($F:G)+3,FALSE),"Do not enter data") -> Impôts sur le revenu, le bénéfice et les plus-values (111E) | D35: =IFERROR(VLOOKUP(Government_revenues_table[[#This Row],[Classification SFP]],Table6_GFS_codes_classification[],COLUMNS($F:H)+3,FALSE),"Do not enter data") -> Impôts extraordinaires sur le revenu, le bénéfice et les plus-values (1112E2) | E35: =IFERROR(VLOOKUP(Government_revenues_table[[#This Row],[Classification SFP]],Table6_GFS_codes_classification[],COLUMNS($F:I)+3,FALSE),"Do not enter data") -> Impôts extraordinaires sur le revenu, le bénéfice et les plus-values (1112E2) | F35: Impôts extraordinaires sur le revenu, le bénéfice et les plus-values (1112E2) | G35: Minier | H35: Impôt Spécial sur le profit Excédentaire | I35: DGI | J35: 90643335 | K35: USD
F36: Autres impôts payés par les entreprises exploitant des ressources naturelles (116E) | G36: Minier | H36: Taxe Voirie et Drainage | I36: DRLU | J36: 82584274 | K36: USD
F37: Impôts ordinaires sur le revenu, le bénéfice et les plus-values (1112E1) | G37: Pétrolier | H37: Impôt sur les bénéfices et Profits(ou Impôt Spécial Forfetaire) | I37: DGI | J37: 78725078 | K37: USD
F38: Autres impôts payés par les entreprises exploitant des ressources naturelles (116E) | G38: Minier | H38: Taxe Voirie et Drainage | I38: DRHKAT | J38: 78024040 | K38: USD
F39: Redevances (1415E1) | G39: Pétrolier | H39: Marge distribuable(Profit-Oil Etat Puissance Publique) | I39: DGRAD | J39: 70387214 | K39: USD
F40: Redevances (1415E1) | G40: Minier | H40: Redevance Minière: Quote-part Province (25%) | I40: DRHKAT | J40: 53478326 | K40: USD
F41: Redevances (1415E1) | G41: Minier | H41: Redevance minière : quote-part ETD (15%) | I41: CHEFFERIE DE BAYEKE | J41: 45403855 | K41: USD
F42: Redevances (1415E1) | G42: Minier | H42: Royalties : Quote-part Trésor (50%) | I42: DGRAD | J42: 40487902 | K42: USD
F43: Redevances (1415E1) | G43: Minier | H43: Redevance minière : quote-part ETD (15%) | I43: SECTEUR DE LUILU | J43: 39038111 | K43: USD
F44: Amendes, peines et dédits (143E) | G44: Minier | H44: Pénalités et Amendes Transactionnelles pour la DGDA | I44: DGDA | J44: 32900544 | K44: USD
F45: Autres impôts payés par les entreprises exploitant des ressources naturelles (116E) | G45: Minier | H45: Taxe rémunératoire annuelle | I45: DGRAD | J45: 32802733 | K45: USD
F46: Impôts généraux sur les biens et services (TVA, taxes sur les ventes, taxes sur le chiffre d’affaires)(1141E) | G46: Minier | H46: IBP sur Prestations des personnes non résidentes en RDC | I46: DGI | J46: 31745880 | K46: USD
F47: Redevances (1415E1) | G47: Minier | H47: Royalties versées aux Entreprises Publiques | I47: GECAMINES | J47: 30072688 | K47: USD
... F51: Redevances (1415E1) | G51: Pétrolier | H51: Royalties de pétroliers versées à l'Etat | I51: DGRAD | J51: 25529623 | K51: USD
B52: =IFERROR(VLOOKUP(Government_revenues_table[[#This Row],[Classification SFP]],Table6_GFS_codes_classification[],COLUMNS($F:F)+3,FALSE),"Do not enter data") -> Impôts (11E) | C52: =IFERROR(VLOOKUP(Government_revenues_table[[#This Row],[Classification SFP]],Table6_GFS_codes_classification[],COLUMNS($F:G)+3,FALSE),"Do not enter data") -> Autres impôts payés par les entreprises exploitant des ressources naturelles (116E) | D52: =IFERROR(VLOOKUP(Government_revenues_table[[#This Row],[Classification SFP]],Table6_GFS_codes_classification[],COLUMNS($F:H)+3,FALSE),"Do not enter data") -> Autres impôts payés par les entreprises exploitant des ressources naturelles (116E) | E52: =IFERROR(VLOOKUP(Government_revenues_table[[#This Row],[Classification SFP]],Table6_GFS_codes_classification[],COLUMNS($F:I)+3,FALSE),"Do not enter data") -> Autres impôts payés par les entreprises exploitant des ressources naturelles (116E) | F52: Autres impôts payés par les entreprises exploitant des ressources naturelles (116E) | G52: Minier | H52: Paiements sociaux obligatoires | I52: Autres bénéficiaires | J52: 25272606 | K52: USD
F53: Taxes sur les émissions et la pollution (114522E) | G53: Minier | H53: Taxe de pollution | I53: DGRAD | J53: 24891382 | K53: USD
B54: =IFERROR(VLOOKUP(Government_revenues_table[[#This Row],[Classification SFP]],Table6_GFS_codes_classification[],COLUMNS($F:F)+3,FALSE),"Do not enter data") -> Impôts (11E) | C54: =IFERROR(VLOOKUP(Government_revenues_table[[#This Row],[Classification SFP]],Table6_GFS_codes_classification[],COLUMNS($F:G)+3,FALSE),"Do not enter data") -> Autres impôts payés par les entreprises exploitant des ressources naturelles (116E) | D54: =IFERROR(VLOOKUP(Government_revenues_table[[#This Row],[Classification SFP]],Table6_GFS_codes_classification[],COLUMNS($F:H)+3,FALSE),"Do not enter data") -> Autres impôts payés par les entreprises exploitant des ressources naturelles (116E) | E54: =IFERROR(VLOOKUP(Government_revenues_table[[#This Row],[Classification SFP]],Table6_GFS_codes_classification[],COLUMNS($F:I)+3,FALSE),"Do not enter data") -> Autres impôts payés par les entreprises exploitant des ressources naturelles (116E) | F54: Autres impôts payés par les entreprises exploitant des ressources naturelles (116E) | G54: Minier | H54: Dotation Minimum 0,3 % du Chiffre d'Affaires des entreprises minières | I54: DOT KAMOTO COOPER COMPAGNY | J54: 20000000 | K54: USD
F55: Redevances (1415E1) | G55: Pétrolier | H55: Participation (Profit-Oil Etat associé) | I55: DGRAD | J55: 19906419 | K55: USD
F56: Autres impôts payés par les entreprises exploitant des ressources naturelles (116E) | G56: Minier | H56: Paiements sociaux volontaires | I56: Autres bénéficiaires | J56: 18075772 | K56: USD
F57: Frais administratifs pour services gouvernementaux (1422E) | G57: Minier | H57: Frais de Certification | I57: CEEC | J57: 17575623 | K57: USD
F58: Frais administratifs pour services gouvernementaux (1422E) | G58: Minier | H58: Frais d'Analyses | I58: CEEC | J58: 16850145 | K58: USD
F59: Provenant de la participation de l’État (1412E2) | G59: Pétrolier | H59: Dividendes Pétrolier | I59: DGRAD | J59: 16650976 | K59: USD
F60: Droits de licence (114521E) | G60: Minier | H60: Droits superficiaires annuels par carré : CAMI (50%) | I60: CAMI | J60: 14537489 | K60: USD
B61: =IFERROR(VLOOKUP(Government_revenues_table[[#This Row],[Classification SFP]],Table6_GFS_codes_classification[],COLUMNS($F:F)+3,FALSE),"Do not enter data") -> Autre revenu (14E) | C61: =IFERROR(VLOOKUP(Government_revenues_table[[#This Row],[Classification SFP]],Table6_GFS_codes_classification[],COLUMNS($F:G)+3,FALSE),"Do not enter data") -> Amendes, peines et forfaits (143E) | D61: =IFERROR(VLOOKUP(Government_revenues_table[[#This Row],[Classification SFP]],Table6_GFS_codes_classification[],COLUMNS($F:H)+3,FALSE),"Do not enter data") -> Amendes, peines et forfaits(143E) | E61: =IFERROR(VLOOKUP(Government_revenues_table[[#This Row],[Classification SFP]],Table6_GFS_codes_classification[],COLUMNS($F:I)+3,FALSE),"Do not enter data") -> Amendes, peines et forfaits (143E) | F61: Amendes, peines et dédits (143E) | G61: Minier | H61: Pénalités versées à la DGRAD | I61: DGRAD | J61: 14045855 | K61: USD
F62: Livré/payé à une/des entreprise(s) d’État (1415E32) | G62: Minier | H62: Prestation des services | I62: GECAMINES | J62: 13499980 | K62: USD
F63: Redevances (1415E1) | G63: Minier | H63: Redevance Minière: Quote-part Province (25%) | I63: DGRHU | J63: 13360860 | K63: USD
F64: Autres impôts payés par les entreprises exploitant des ressources naturelles (116E) | G64: Minier | H64: Dotation Minimum 0,3 % du Chiffre d'Affaires des entreprises minières | I64: DOT TENKE FUNGURUME MINING | J64: 13006499 | K64: USD
F65: Droits de licence (114521E) | G65: Minier | H65: Droits superficiaires annuels par carré : Quote-part Trésor (50%) | I65: DGRAD | J65: 12643659 | K65: USD
F66: Autres impôts payés par les entreprises exploitant des ressources naturelles (116E) | G66: Minier | H66: Taxe Concentrés | I66: DRHKAT | J66: 12622964 | K66: USD
F67: Amendes, peines et dédits (143E) | G67: Minier | H67: Pénalités versées Trésor | I67: DGRAD | J67: 12549946 | K67: USD
F68: Redevances (1415E1) | G68: Minier | H68: Redevance minière : quote-part ETD (15%) | I68: SECTEUR DE LUFUPA | J68: 12399478 | K68: USD
F69: Frais administratifs pour services gouvernementaux (1422E) | G69: Minier | H69: AUTRES FLUX (TAG, FRAIS DE PESAGE, FRAIS ENFUTAGE, ETIQUETAGE, EETC.) | I69: CEEC | J69: 11921940 | K69: USD
F70: Autres impôts payés par les entreprises exploitant des ressources naturelles (116E) | G70: Minier | H70: Paiements environnementaux obligatoires | I70: Autres bénéficiaires | J70: 11571242 | K70: USD
F71: Livré/payé à une/des entreprise(s) d’État (1415E32) | G71: Minier | H71: Dividendes des Entreprises publiques | I71: SOKIMO | J71: 10800000 | K71: USD
F72: Autres impôts payés par les entreprises exploitant des ressources naturelles (116E) | G72: Minier | H72: Dotation Minimum 0,3 % du Chiffre d'Affaires des entreprises minières | I72: DOT COMPGNIE MINIERE DE MUSONOIE SAS (COMMUS) | J72: 10404892 | K72: USD
F73: Primes (1415E2) | G73: Minier | H73: Pas-de-Porte versés aux Entreprises Publiques/Bonus de signature ou Transfert | I73: GECAMINES | J73: 7982119 | K73: USD
... F75: Autres impôts payés par les entreprises exploitant des ressources naturelles (116E) | G75: Minier | H75: Dotation Minimum 0,3 % du Chiffre d'Affaires des entreprises minières | I75: DOT SOCIETE MINIERE DE DEZIWA SAS (DOT SOMIDEZ) | J75: 7664141 | K75: USD
B76: =IFERROR(VLOOKUP(Government_revenues_table[[#This Row],[Classification SFP]],Table6_GFS_codes_classification[],COLUMNS($F:F)+3,FALSE),"Do not enter data") -> Impôts (11E) | C76: =IFERROR(VLOOKUP(Government_revenues_table[[#This Row],[Classification SFP]],Table6_GFS_codes_classification[],COLUMNS($F:G)+3,FALSE),"Do not enter data") -> Autres impôts payés par les entreprises exploitant des ressources naturelles (116E) | D76: =IFERROR(VLOOKUP(Government_revenues_table[[#This Row],[Classification SFP]],Table6_GFS_codes_classification[],COLUMNS($F:H)+3,FALSE),"Do not enter data") -> Autres impôts payés par les entreprises exploitant des ressources naturelles (116E) | E76: =IFERROR(VLOOKUP(Government_revenues_table[[#This Row],[Classification SFP]],Table6_GFS_codes_classification[],COLUMNS($F:I)+3,FALSE),"Do not enter data") -> Autres impôts payés par les entreprises exploitant des ressources naturelles (116E) | F76: Autres impôts payés par les entreprises exploitant des ressources naturelles (116E) | G76: Minier | H76: Dotation Minimum 0,3 % du Chiffre d'Affaires des entreprises minières | I76: DOT METALKOL | J76: 7131349 | K76: USD
B77: =IFERROR(VLOOKUP(Government_revenues_table[[#This Row],[Classification SFP]],Table6_GFS_codes_classification[],COLUMNS($F:F)+3,FALSE),"Do not enter data") -> Impôts (11E) | C77: =IFERROR(VLOOKUP(Government_revenues_table[[#This Row],[Classification SFP]],Table6_GFS_codes_classification[],COLUMNS($F:G)+3,FALSE),"Do not enter data") -> Autres impôts payés par les entreprises exploitant des ressources naturelles (116E) | D77: =IFERROR(VLOOKUP(Government_revenues_table[[#This Row],[Classification SFP]],Table6_GFS_codes_classification[],COLUMNS($F:H)+3,FALSE),"Do not enter data") -> Autres impôts payés par les entreprises exploitant des ressources naturelles (116E) | E77: =IFERROR(VLOOKUP(Government_revenues_table[[#This Row],[Classification SFP]],Table6_GFS_codes_classification[],COLUMNS($F:I)+3,FALSE),"Do not enter data") -> Autres impôts payés par les entreprises exploitant des ressources naturelles (116E) | F77: Autres impôts payés par les entreprises exploitant des ressources naturelles (116E) | G77: Minier | H77: Dotation Minimum 0,3 % du Chiffre d'Affaires des entreprises minières | I77: DOT KAMOA | J77: 6443016 | K77: USD
F78: Redevances (1415E1) | G78: Minier | H78: Redevance minière : quote-part ETD (15%) | I78: SECTEUR DE BASANGA | J78: 6333865 | K78: USD
F79: Redevances (1415E1) | G79: Minier | H79: Redevance minière : quote-part ETD (15%) | I79: SECTEUR DE LUFIRA | J79: 6227673 | K79: USD
F80: Livré/payé à une/des entreprise(s) d’État (1415E32) | G80: Pétrolier | H80: Dividendes des Entreprises publiques | I80: SONAHYDROC | J80: 6168814 | K80: USD
F81: Redevances (1415E1) | G81: Pétrolier | H81: Redevance Superficiaire/Frais de passage | I81: DGRAD | J81: 5859109 | K81: USD
F82: Autres impôts payés par les entreprises exploitant des ressources naturelles (116E) | G82: Minier | H82: Taxe de Déboisement | I82: DGRAD | J82: 5200077 | K82: USD
F83: Redevances (1415E1) | G83: Minier | H83: Redevance minière : quote-part ETD (15%) | I83: COMMUNE ANNEXE | J83: 5177729 | K83: USD
F84: Frais administratifs pour services gouvernementaux (1422E) | G84: Minier | H84: Frais de dépôt du dossier de la demande | I84: CAMI | J84: 5094575 | K84: USD
F85: Redevances (1415E1) | G85: Minier | H85: Redevance minière : quote-part ETD (15%) | I85: COMMUNE DE SHITURU | J85: 4863403 | K85: USD
F86: Autres impôts payés par les entreprises exploitant des ressources naturelles (116E) | G86: Minier | H86: Dotation Minimum 0,3 % du Chiffre d'Affaires des entreprises minières | I86: DOT SINO CONGOLAISE DES MINES | J86: 4847513 | K86: USD
F87: Autres impôts payés par les entreprises exploitant des ressources naturelles (116E) | G87: Minier | H87: Paiements environnementaux volontaires | I87: Autres bénéficiaires | J87: 4709859 | K87: USD
B88: =IFERROR(VLOOKUP(Government_revenues_table[[#This Row],[Classification SFP]],Table6_GFS_codes_classification[],COLUMNS($F:F)+3,FALSE),"Do not enter data") -> Impôts (11E) | C88: =IFERROR(VLOOKUP(Government_revenues_table[[#This Row],[Classification SFP]],Table6_GFS_codes_classification[],COLUMNS($F:G)+3,FALSE),"Do not enter data") -> Autres impôts payés par les entreprises exploitant des ressources naturelles (116E) | D88: =IFERROR(VLOOKUP(Government_revenues_table[[#This Row],[Classification SFP]],Table6_GFS_codes_classification[],COLUMNS($F:H)+3,FALSE),"Do not enter data") -> Autres impôts payés par les entreprises exploitant des ressources naturelles (116E) | E88: =IFERROR(VLOOKUP(Government_revenues_table[[#This Row],[Classification SFP]],Table6_GFS_codes_classification[],COLUMNS($F:I)+3,FALSE),"Do not enter data") -> Autres impôts payés par les entreprises exploitant des ressources naturelles (116E) | F88: Autres impôts payés par les entreprises exploitant des ressources naturelles (116E) | G88: Minier | H88: Dotation Minimum 0,3 % du Chiffre d'Affaires des entreprises minières | I88: DOT CONGO DONGFANG INTERNATIONAL MINING | J88: 4556513 | K88: USD
F89: Autres impôts payés par les entreprises exploitant des ressources naturelles (116E) | G89: Minier | H89: Taxe d’implantation | I89: DGRAD | J89: 4169951 | K89: USD
F90: Autres paiements de loyer (1415E5) | G90: Minier | H90: Loyers d'Amodiation et/ou rente mensuelle et Indemnisation pour perte des revenus escomptés à titre de contrat d’amodiation | I90: GECAMINES | J90: 4089386 | K90: USD
F91: Redevances (1415E1) | G91: Minier | H91: Redevance minière : quote-part ETD (15%) | I91: SECTEUR DE BALAMBA | J91: 3757927 | K91: USD
F92: Redevances (1415E1) | G92: Minier | H92: Redevance minière : quote-part ETD (15%) | I92: COMMUNE DE PANDA | J92: 3663607 | K92: USD
F93: Redevances (1415E1) | G93: Minier | H93: Redevance minière : quote-part ETD (15%) | I93: SECTEUR BUKANDA | J93: 3101924 | K93: USD
F94: Autres impôts payés par les entreprises exploitant des ressources naturelles (116E) | G94: Minier | H94: Dotation Minimum 0,3 % du Chiffre d'Affaires des entreprises minières | I94: DOT COMPAGNIE MINIERE DE KAMBOVE | J94: 2904223 | K94: USD
B95: =IFERROR(VLOOKUP(Government_revenues_table[[#This Row],[Classification SFP]],Table6_GFS_codes_classification[],COLUMNS($F:F)+3,FALSE),"Do not enter data") -> Autre revenu (14E) | C95: =IFERROR(VLOOKUP(Government_revenues_table[[#This Row],[Classification SFP]],Table6_GFS_codes_classification[],COLUMNS($F:G)+3,FALSE),"Do not enter data") -> Amendes, peines et forfaits (143E) | D95: =IFERROR(VLOOKUP(Government_revenues_table[[#This Row],[Classification SFP]],Table6_GFS_codes_classification[],COLUMNS($F:H)+3,FALSE),"Do not enter data") -> Amendes, peines et forfaits(143E) | E95: =IFERROR(VLOOKUP(Government_revenues_table[[#This Row],[Classification SFP]],Table6_GFS_codes_classification[],COLUMNS($F:I)+3,FALSE),"Do not enter data") -> Amendes, peines et forfaits (143E) | F95: Amendes, peines et dédits (143E) | G95: Minier | H95: Police des Mines et Hydrocarbures | I95: DGRAD | J95: 2867323 | K95: USD
F96: Provenant de la participation de l’État (1412E2) | G96: Minier | H96: Dividendes versées à l'Etat | I96: DGRAD | J96: 2502976 | K96: USD
F97: Autres impôts payés par les entreprises exploitant des ressources naturelles (116E) | G97: Minier | H97: Dotation Minimum 0,3 % du Chiffre d'Affaires des entreprises minières | I97: DOT CNMC HUACHIN MABENDE | J97: 2452321 | K97: USD
F98: Autres impôts payés par les entreprises exploitant des ressources naturelles (116E) | G98: Minier | H98: Dotation Minimum 0,3 % du Chiffre d'Affaires des entreprises minières | I98: DOT HUACHIN METAL LEACH | J98: 2433827 | K98: USD
F99: Autres impôts payés par les entreprises exploitant des ressources naturelles (116E) | G99: Minier | H99: Dotation Minimum 0,3 % du Chiffre d'Affaires des entreprises minières | I99: DOT MUTANDA MINING | J99: 2261092 | K99: USD
F100: Autres impôts payés par les entreprises exploitant des ressources naturelles (116E) | G100: Minier | H100: Dotation Minimum 0,3 % du Chiffre d'Affaires des entreprises minières | I100: DOT KINSENDA COOPER COMPANY | J100: 2253719 | K100: USD
F101: Impôts ordinaires sur le revenu, le bénéfice et les plus-values (1112E1) | G101: Pétrolier | H101: Impôts Professionnel sur les Rémunérations et Exceptionnel sur la Rémunération des Expatriés | I101: DGI | J101: 2252488 | K101: USD
F102: Autres impôts payés par les entreprises exploitant des ressources naturelles (116E) | G102: Minier | H102: Dotation Minimum 0,3 % du Chiffre d'Affaires des entreprises minières | I102: DOT CNMC COMPAGNIE MINIERE | J102: 2105337 | K102: USD
F103: Autres impôts payés par les entreprises exploitant des ressources naturelles (116E) | G103: Minier | H103: Dotation Minimum 0,3 % du Chiffre d'Affaires des entreprises minières | I103: DOT SHITURU MINING CORPORATION | J103: 2050000 | K103: USD
F104: Amendes, peines et dédits (143E) | G104: Pétrolier | H104: Pénalités versées à la DGRAD | I104: DGRAD | J104: 2035821 | K104: USD
F105: Amendes, peines et dédits (143E) | G105: Pétrolier | H105: Pénalités versées Trésor | I105: DGRAD | J105: 2035821 | K105: USD
F106: Redevances (1415E1) | G106: Minier | H106: Redevance minière : quote-part ETD (15%) | I106: COMMUNE DE RUASHI | J106: 1977152 | K106: USD
F107: Autres impôts payés par les entreprises exploitant des ressources naturelles (116E) | G107: Minier | H107: Dotation Minimum 0,3 % du Chiffre d'Affaires des entreprises minières | I107: DOT KAI PENG | J107: 1958333 | K107: USD
... F123: Autres impôts payés par les entreprises exploitant des ressources naturelles (116E) | G123: Minier | H123: Dotation Minimum 0,3 % du Chiffre d'Affaires des entreprises minières | I123: DOT KISANFU MINING | J123: 837968 | K123: USD
B124: =IFERROR(VLOOKUP(Government_revenues_table[[#This Row],[Classification SFP]],Table6_GFS_codes_classification[],COLUMNS($F:F)+3,FALSE),"Do not enter data") -> Autre revenu (14E) | C124: =IFERROR(VLOOKUP(Government_revenues_table[[#This Row],[Classification SFP]],Table6_GFS_codes_classification[],COLUMNS($F:G)+3,FALSE),"Do not enter data") -> Revenu dégagé de la propriété (141E) | D124: =IFERROR(VLOOKUP(Government_revenues_table[[#This Row],[Classification SFP]],Table6_GFS_codes_classification[],COLUMNS($F:H)+3,FALSE),"Do not enter data") -> Loyers (1415E) | E124: =IFERROR(VLOOKUP(Government_revenues_table[[#This Row],[Classification SFP]],Table6_GFS_codes_classification[],COLUMNS($F:I)+3,FALSE),"Do not enter data") -> Redevances (1415E1) | F124: Redevances (1415E1) | G124: Minier | H124: Redevance minière : quote-part ETD (15%) | I124: COMMUNE DE LUBUMBASHI | J124: 821771 | K124: USD
F125: Autres impôts payés par les entreprises exploitant des ressources naturelles (116E) | G125: Minier | H125: Dotation Minimum 0,3 % du Chiffre d'Affaires des entreprises minières | I125: DOT FRONTIER | J125: 805247 | K125: USD
...

Sheet Partie 5 - Données d’entreprise
C2: Partie 5 (Données d’entreprise) Elle contient des données venant des entreprises - et du niveau projet - par flux de revenus. Les entreprises et projets sont indiqués sur le menu déroulant car ils ont été saisis sur la feuille 3.
C3: Comment remplir cette feuille :
C4: 1. Sélectionnez le nom de l’entreprise sur le menu déroulant
C5: 2. Sélectionnez l’entité collectrice de l’État et le nom du paiement sur le menu déroulant
C6: 3. Indiquez si le flux de paiements est (i) perçu par projet et (ii) déclaré par projet
C7: 4. Inscrivez l’information de projet : nom du projet et devise de déclaration
C8: 5. Inscrivez la valeur des revenus telle que divulguée par le gouvernement et ajoutez tout commentaire pertinent.
C9: Si vous avez des questions, veuillez contacter data@eiti.org
C11: Recettes de l’État par entreprise et projet
C13: Exigence ITIE 4.1.c: Paiements des entreprises ; Exigence ITIE 4.7: Déclaration par projet
B14: Secteur | C14: Entreprise | D14: Entité de l’État | E14: Nom du paiement | F14: Perçu par projet (O/N) | G14: Déclaré par projet (O/N) | H14: Nom du projet | I14: Devise de déclaration | J14: Valeur de revenus | K14: Paiement effectué en nature? | L14: Volume en nature (si applicable) | M14: Unité (si applicable) | N14: Commentaires
C15: TENKE FUNGURUME MINING | D15: DGI | E15: Impôt sur les bénéfices et Profits(ou Impôt Spécial Forfetaire) | F15: Oui | G15: Oui | H15: Convention d’actionnaires du 28 sept2005 -Convention minière du 28 sept 2005-PE123-PE159-PE4728-PE4729-PE9707-PE9708 | I15: USD | J15: 259955845 | K15: Non | L15: N/a | M15: N/a
C16: TENKE FUNGURUME MINING | D16: GECAMINES | E16: Accords transactionnels | F16: Oui | G16: Oui | H16: Convention d’actionnaires du 28 sept2005 -Convention minière du 28 sept 2005-PE123-PE159-PE4728-PE4729-PE9707-PE9708 | I16: USD | J16: 200000000 | K16: Non | L16: N/a | M16: N/a
C17: KAMOTO COPPER COMPANY SA | D17: DGI | E17: Avis de Mise en Recouvrement A | F17: Non | G17: Non | H17: Convention de JV N° 656/6755/SG/GC/2004 du 09 septembre 2004, Convention JVACR n° 1014/19238/SG/GC/2009 du 25 juillet 2009 et avenant n°3 à JVACR du 12 juin 2018-PE525-PE4961-PE11602--- | I17: USD | J17: 196345866 | K17: Non | L17: N/a | M17: N/a
C18: TENKE FUNGURUME MINING | D18: DGDA | E18: Droits et taxes à l'importation (Totale Quittance) | F18: Oui | G18: Oui | H18: Convention d’actionnaires du 28 sept2005 -Convention minière du 28 sept 2005-PE123-PE159-PE4728-PE4729-PE9707-PE9708 | I18: USD | J18: 155252582 | K18: Non | L18: N/a | M18: N/a
C19: ALPHAMINBISIE MINING SA | D19: DGI | E19: Impôt sur les bénéfices et Profits(ou Impôt Spécial Forfetaire) | F19: Non | G19: Non | H19: PE 4246-5266-5267-5270-10346-PE 13155-15865-15866-15886 | I19: USD | J19: 99646657 | K19: Non | L19: N/a | M19: N/a
C20: KAMOA COPPER SA (ex. BARBADOS) | D20: DGDA | E20: Droits et taxes à l'importation (Totale Quittance) | F20: Non | G20: Non | H20: N/a | I20: USD | J20: 98818412 | K20: Non | L20: N/a | M20: N/a
C21: SOCIETE MINIERE DE DEZIWA SAS | D21: DGI | E21: Impôt Spécial sur le profit Excédentaire | F21: Non | G21: Non | H21: Convention de JV N° 1612/12033/SG/GC/2016 du 13 juin 2016-PE660-PE8841---- | I21: USD | J21: 84106590 | K21: Non | L21: N/a | M21: N/a
C22: MUTANDA MINING (MUMI) | D22: DGI | E22: Impôt sur les bénéfices et Profits(ou Impôt Spécial Forfetaire) | F22: Non | G22: Non | H22: N/a | I22: USD | J22: 83028303 | K22: Non | L22: N/a | M22: N/a
C23: TENKE FUNGURUME MINING | D23: DGRAD | E23: Redevance Minière: Quote-part Trésor (50%) | F23: Oui | G23: Oui | H23: Convention d’actionnaires du 28 sept2005 -Convention minière du 28 sept 2005-PE123-PE159-PE4728-PE4729-PE9707-PE9708 | I23: USD | J23: 80850784 | K23: Non | L23: N/a | M23: N/a
C24: KAMOA COPPER SA (ex. BARBADOS) | D24: DGI | E24: Impôt sur les bénéfices et Profits(ou Impôt Spécial Forfetaire) | F24: Non | G24: Non | H24: N/a | I24: USD | J24: 80334078 | K24: Non | L24: N/a | M24: N/a
C25: LA COMPAGNIE MINIERE DE MUSONOIE GLOBAL | D25: DGI | E25: Impôt sur les bénéfices et Profits(ou Impôt Spécial Forfetaire) | F25: Non | G25: Non | H25: Contrat de création N°1230/19230/SG/GC/2011 du 15 avril 2011-PE12092-PE12093---- | I25: USD | J25: 68132915 | K25: Non | L25: N/a | M25: N/a
C26: KAMOTO COPPER COMPANY SA | D26: DGI | E26: Impôt sur les bénéfices et Profits(ou Impôt Spécial Forfetaire) | F26: Non | G26: Non | H26: Convention de JV N° 656/6755/SG/GC/2004 du 09 septembre 2004, Convention JVACR n° 1014/19238/SG/GC/2009 du 25 juillet 2009 et avenant n°3 à JVACR du 12 juin 2018-PE525-PE4961-PE11602--- | I26: USD | J26: 65723185 | K26: Non | L26: N/a | M26: N/a
... C243: ZHAN FEI MINING SARL | D243: DGDA | E243: Droits et taxes à l'importation (Totale Quittance) | F243: Non | G243: Non | H243: N/a | I243: USD | J243: 4542456 | K243: Non | L243: N/a | M243: N/a
C244: LA MINIERE DE KASOMBO | D244: DGRAD | E244: Redevance Minière: Quote-part Trésor (50%) | F244: Non | G244: Non | H244: N/a | I244: USD | J244: 4503932 | K244: Non | L244: N/a | M244: N/a | N244: Dans le contexte de la RDC, la notion de projet n’a pas été clairement définie (voir sections 4.7 et 4.2 du rapport ITIE 2023). De ce fait, aucune déclaration n’a été ventilée par projet.
C245: KAMOTO COPPER COMPANY SA | D245: DGRAD | E245: Pénalités versées à la DGRAD | F245: Non | G245: Non | H245: Convention de JV N° 656/6755/SG/GC/2004 du 09 septembre 2004, Convention JVACR n° 1014/19238/SG/GC/2009 du 25 juillet 2009 et avenant n°3 à JVACR du 12 juin 2018-PE525-PE4961-PE11602--- | I245: USD | J245: 4493251 | K245: Non | L245: N/a | M245: N/a | N245: Dans le contexte de la RDC, la notion de projet n’a pas été clairement définie (voir sections 4.7 et 4.2 du rapport ITIE 2023). De ce fait, aucune déclaration n’a été ventilée par projet.
C246: LA MINIERE DE KALUKUNDI SPRL (LAMIKAL) | D246: CHEFFERIE DE BAYEKE | E246: Redevance minière : quote-part ETD (15%) | F246: Non | G246: Non | H246: PE-1447 | I246: USD | J246: 4459414 | K246: Non | L246: N/a | M246: N/a | N246: Dans le contexte de la RDC, la notion de projet n’a pas été clairement définie (voir sections 4.7 et 4.2 du rapport ITIE 2023). De ce fait, aucune déclaration n’a été ventilée par projet.
C247: SOCIETE CNMC CONGO COMPAGNIE MINIERE SARL | D247: DGDA | E247: Droits et taxes à l'importation (Totale Quittance) | F247: Non | G247: Non | H247: N/a | I247: USD | J247: 4454265 | K247: Non | L247: N/a | M247: N/a | N247: Dans le contexte de la RDC, la notion de projet n’a pas été clairement définie (voir sections 4.7 et 4.2 du rapport ITIE 2023). De ce fait, aucune déclaration n’a été ventilée par projet.
C248: SOCIETE MINIERE DE DEZIWA SAS | D248: GECAMINES | E248: Royalties versées aux Entreprises Publiques | F248: Non | G248: Non | H248: Convention de JV N° 1612/12033/SG/GC/2016 du 13 juin 2016-PE660-PE8841---- | I248: USD | J248: 4432923 | K248: Non | L248: N/a | M248: N/a | N248: Dans le contexte de la RDC, la notion de projet n’a pas été clairement définie (voir sections 4.7 et 4.2 du rapport ITIE 2023). De ce fait, aucune déclaration n’a été ventilée par projet.
C249: THOMAS MINING SARL | D249: DRLU | E249: Redevance Minière: Quote-part Province (25%) | F249: Non | G249: Non | H249: PEPM 13813-PE 15596-PE 15597 | I249: USD | J249: 4386504 | K249: Non | L249: N/a | M249: N/a | N249: Dans le contexte de la RDC, la notion de projet n’a pas été clairement définie (voir sections 4.7 et 4.2 du rapport ITIE 2023). De ce fait, aucune déclaration n’a été ventilée par projet.
C250: SOCIETE D'EXPLOITATION KIPOI | D250: DGRAD | E250: Redevance Minière: Quote-part Trésor (50%) | F250: Non | G250: Non | H250: N/a | I250: USD | J250: 4365073 | K250: Non | L250: N/a | M250: N/a | N250: Dans le contexte de la RDC, la notion de projet n’a pas été clairement définie (voir sections 4.7 et 4.2 du rapport ITIE 2023). De ce fait, aucune déclaration n’a été ventilée par projet.
C251: SHITURU MINING CORPORATION | D251: DGRAD | E251: Redevance Minière: Quote-part Trésor (50%) | F251: Non | G251: Non | H251: PE-4725 | I251: USD | J251: 4359339 | K251: Non | L251: N/a | M251: N/a | N251: Dans le contexte de la RDC, la notion de projet n’a pas été clairement définie (voir sections 4.7 et 4.2 du rapport ITIE 2023). De ce fait, aucune déclaration n’a été ventilée par projet.
C252: EXCELLENT MINERALS | D252: DGI | E252: Impôt sur les bénéfices et Profits(ou Impôt Spécial Forfetaire) | F252: Non | G252: Non | H252: PE-4881 | I252: USD | J252: 4354001 | K252: Non | L252: N/a | M252: N/a | N252: Dans le contexte de la RDC, la notion de projet n’a pas été clairement définie (voir sections 4.7 et 4.2 du rapport ITIE 2023). De ce fait, aucune déclaration n’a été ventilée par projet.
C253: SINO CONGOLAISE DES MINES | D253: DGI | E253: Avis de Mise en Recouvrement A | F253: Non | G253: Non | H253: Convention de JV N° 814/11199/SG/GC/2008 du 22 avril 2008-9681-9682---- | I253: USD | J253: 4350110 | K253: Non | L253: N/a | M253: N/a | N253: Dans le contexte de la RDC, la notion de projet n’a pas été clairement définie (voir sections 4.7 et 4.2 du rapport ITIE 2023). De ce fait, aucune déclaration n’a été ventilée par projet.
C254: CHENGTUN CONGO RESSOURCES SARL | D254: SECTEUR DE LUILU | E254: Redevance minière : quote-part ETD (15%) | F254: Non | G254: Non | H254: PE-14050 | I254: USD | J254: 4342279 | K254: Non | L254: N/a | M254: N/a | N254: Dans le contexte de la RDC, la notion de projet n’a pas été clairement définie (voir sections 4.7 et 4.2 du rapport ITIE 2023). De ce fait, aucune déclaration n’a été ventilée par projet.
C255: SOCIETE DE TRAITEMENT DU TERRIL DE LUBUMBASHI (STL) | D255: DGDA | E255: Droits et taxes à l'importation (Totale Quittance) | F255: Non | G255: Non | H255: N/a | I255: USD | J255: 4339378 | K255: Non | L255: N/a | M255: N/a | N255: Dans le contexte de la RDC, la notion de projet n’a pas été clairement définie (voir sections 4.7 et 4.2 du rapport ITIE 2023). De ce fait, aucune déclaration n’a été ventilée par projet.
... C729: MMG KINSEVERE SARL (MMG) | D729: BCC | E729: Redevance Suivi de change | F729: Non | G729: Non | H729: Contrat d’amodiation avec MMG N° 722/10525/SG/GC/2005 du 08 décembre 2005-PE539-12688-12689-13521-13529- | I729: USD | J729: 581446 | K729: Non | L729: N/a | M729: N/a | N729: Dans le contexte de la RDC, la notion de projet n’a pas été clairement définie (voir sections 4.7 et 4.2 du rapport ITIE 2023). De ce fait, aucune déclaration n’a été ventilée par projet.
C730: WORLD MINERAL RESOURCES SARL | D730: DGDA | E730: Droits et taxes à l'importation (Totale Quittance) | F730: Non | G730: Non | H730: N/a | I730: USD | J730: 579423 | K730: Non | L730: N/a | M730: N/a
C731: LUILU RESSOURCES SAS | D731: DGI | E731: Impôts Professionnel sur les Rémunérations et Exceptionnel sur la Rémunération des Expatriés | F731: Non | G731: Non | H731: PE-8841 | I731: USD | J731: 578238 | K731: Non | L731: N/a | M731: N/a | N731: Dans le contexte de la RDC, la notion de projet n’a pas été clairement définie (voir sections 4.7 et 4.2 du rapport ITIE 2023). De ce fait, aucune déclaration n’a été ventilée par projet.
C732: BOSS MINING | D732: DGDA | E732: Droits et taxes à l'importation (Totale Quittance) | F732: Non | G732: Non | H732: N/a | I732: USD | J732: 568064 | K732: Non | L732: N/a | M732: N/a | N732: Dans le contexte de la RDC, la notion de projet n’a pas été clairement définie (voir sections 4.7 et 4.2 du rapport ITIE 2023). De ce fait, aucune déclaration n’a été ventilée par projet.
C733: SOCIETE DE TRAITEMENT DU TERRIL DE LUBUMBASHI (STL) | D733: FOMIN | E733: Redevances minières: FOMIN (10%) | F733: Non | G733: Non | H733: N/a | I733: USD | J733: 566319 | K733: Non | L733: N/a | M733: N/a | N733: Dans le contexte de la RDC, la notion de projet n’a pas été clairement définie (voir sections 4.7 et 4.2 du rapport ITIE 2023). De ce fait, aucune déclaration n’a été ventilée par projet.
C734: FRONTIER SA | D734: CAMI | E734: Frais de dépôt du dossier de la demande | F734: Non | G734: Non | H734: PE 13080-15643-15644-15719-15720 | I734: USD | J734: 563700 | K734: Non | L734: N/a | M734: N/a | N734: Dans le contexte de la RDC, la notion de projet n’a pas été clairement définie (voir sections 4.7 et 4.2 du rapport ITIE 2023). De ce fait, aucune déclaration n’a été ventilée par projet.
C735: GENERALE DES CARRIERES ET DES MINES | D735: DRHKAT | E735: Impôt sur la superficie des concessions Minières et des hydrocarbures | F735: Non | G735: Non | H735: N/a | I735: USD | J735: 563611 | K735: Non | L735: N/a | M735: N/a | N735: Dans le contexte de la RDC, la notion de projet n’a pas été clairement définie (voir sections 4.7 et 4.2 du rapport ITIE 2023). De ce fait, aucune déclaration n’a été ventilée par projet.
C736: LUALABA COPPER SMELTER SAS | D736: DRLU | E736: Redevance Minière: Quote-part Province (25%) | F736: Non | G736: Non | H736: PE-14044 | I736: USD | J736: 563016 | K736: Non | L736: N/a | M736: N/a | N736: Dans le contexte de la RDC, la notion de projet n’a pas été clairement définie (voir sections 4.7 et 4.2 du rapport ITIE 2023). De ce fait, aucune déclaration n’a été ventilée par projet.
C737: BOSS MINING | D737: DGRAD | E737: Pénalités versées à la DGRAD | F737: Non | G737: Non | H737: N/a | I737: USD | J737: 559542 | K737: Non | L737: N/a | M737: N/a | N737: Dans le contexte de la RDC, la notion de projet n’a pas été clairement définie (voir sections 4.7 et 4.2 du rapport ITIE 2023). De ce fait, aucune déclaration n’a été ventilée par projet.
C738: MINERAL METAL TECHNOLOGY SARL | D738: SECTEUR DE LUILU | E738: Redevance minière : quote-part ETD (15%) | F738: Non | G738: Non | H738: N/a | I738: USD | J738: 550497 | K738: Non | L738: N/a | M738: N/a | N738: Dans le contexte de la RDC, la notion de projet n’a pas été clairement définie (voir sections 4.7 et 4.2 du rapport ITIE 2023). De ce fait, aucune déclaration n’a été ventilée par projet.
C739: CONGO DONGFANG INTERNATIONAL MINING | D739: SECTEUR BUKANDA | E739: Redevance minière : quote-part ETD (15%) | F739: Non | G739: Non | H739: N/a | I739: USD | J739: 544345 | K739: Non | L739: N/a | M739: N/a | N739: Dans le contexte de la RDC, la notion de projet n’a pas été clairement définie (voir sections 4.7 et 4.2 du rapport ITIE 2023). De ce fait, aucune déclaration n’a été ventilée par projet.
C740: KIBALI GOLD MINES | D740: CEEC | E740: Frais de Certification | F740: Non | G740: Non | H740: N/a | I740: USD | J740: 544250 | K740: Non | L740: N/a | M740: N/a | N740: Dans le contexte de la RDC, la notion de projet n’a pas été clairement définie (voir sections 4.7 et 4.2 du rapport ITIE 2023). De ce fait, aucune déclaration n’a été ventilée par projet.
C741: LA MINIERE DE KASOMBO | D741: DGI | E741: Avis de Mise en Recouvrement B | F741: Non | G741: Non | H741: N/a | I741: USD | J741: 539304 | K741: Non | L741: N/a | M741: N/a | N741: Dans le contexte de la RDC, la notion de projet n’a pas été clairement définie (voir sections 4.7 et 4.2 du rapport ITIE 2023). De ce fait, aucune déclaration n’a été ventilée par projet.
C742: SHITURU MINING CORPORATION | D742: BCC | E742: Redevance Suivi de change | F742: Non | G742: Non | H742: PE-4725 | I742: USD | J742: 536603 | K742: Non | L742: N/a | M742: N/a | N742: Dans le contexte de la RDC, la notion de projet n’a pas été clairement définie (voir sections 4.7 et 4.2 du rapport ITIE 2023). De ce fait, aucune déclaration n’a été ventilée par projet.
... C1234: MUTANDA MINING (MUMI) | D1234: CAMI | E1234: Droits superficiaires annuels par carré : CAMI (50%) | F1234: Non | G1234: Non | H1234: N/a | I1234: USD | J1234: 83574 | K1234: Non | L1234: N/a | M1234: N/a | N1234: Dans le contexte de la RDC, la notion de projet n’a pas été clairement définie (voir sections 4.7 et 4.2 du rapport ITIE 2023). De ce fait, aucune déclaration n’a été ventilée par projet.
C1235: XING DA MINING SARL | D1235: CAMI | E1235: Droits superficiaires annuels par carré : CAMI (50%) | F1235: Non | G1235: Non | H1235: N/a | I1235: USD | J1235: 83574 | K1235: Non | L1235: N/a | M1235: N/a
C1236: XING DA MINING SARL | D1236: DGRAD | E1236: Droits superficiaires annuels par carré : Quote-part Trésor (50%) | F1236: Non | G1236: Non | H1236: N/a | I1236: USD | J1236: 83574 | K1236: Non | L1236: N/a | M1236: N/a
C1237: AURUM SARL | D1237: CAMI | E1237: Droits superficiaires annuels par carré : CAMI (50%) | F1237: Non | G1237: Non | H1237: N/a | I1237: USD | J1237: 83563 | K1237: Non | L1237: N/a | M1237: N/a | N1237: Dans le contexte de la RDC, la notion de projet n’a pas été clairement définie (voir sections 4.7 et 4.2 du rapport ITIE 2023). De ce fait, aucune déclaration n’a été ventilée par projet.
C1238: AURUM SARL | D1238: DGRAD | E1238: Droits superficiaires annuels par carré : Quote-part Trésor (50%) | F1238: Non | G1238: Non | H1238: N/a | I1238: USD | J1238: 83563 | K1238: Non | L1238: N/a | M1238: N/a | N1238: Dans le contexte de la RDC, la notion de projet n’a pas été clairement définie (voir sections 4.7 et 4.2 du rapport ITIE 2023). De ce fait, aucune déclaration n’a été ventilée par projet.
C1239: Compagnie Minière de Luisha SAS | D1239: DGRAD | E1239: Pénalités versées à la DGRAD | F1239: Non | G1239: Non | H1239: Contrat de création N° 718/10520/SG/GC/2005 du 07 avril 2006-526-11367---- | I1239: USD | J1239: 83192 | K1239: Non | L1239: N/a | M1239: N/a | N1239: Dans le contexte de la RDC, la notion de projet n’a pas été clairement définie (voir sections 4.7 et 4.2 du rapport ITIE 2023). De ce fait, aucune déclaration n’a été ventilée par projet.
C1240: Compagnie Minière de Luisha SAS | D1240: DGRAD | E1240: Pénalités versées Trésor | F1240: Non | G1240: Non | H1240: Contrat de création N° 718/10520/SG/GC/2005 du 07 avril 2006-526-11367---- | I1240: USD | J1240: 83192 | K1240: Non | L1240: N/a | M1240: N/a | N1240: Dans le contexte de la RDC, la notion de projet n’a pas été clairement définie (voir sections 4.7 et 4.2 du rapport ITIE 2023). De ce fait, aucune déclaration n’a été ventilée par projet.
C1241: SABWE MINING SARL | D1241: DGDA | E1241: Droits et Taxes A L'Exportation (Totale Quittance) | F1241: Non | G1241: Non | H1241: PE 12162-12172-12173-12175-12182-12183-12188-13093 | I1241: USD | J1241: 82972 | K1241: Non | L1241: N/a | M1241: N/a | N1241: Dans le contexte de la RDC, la notion de projet n’a pas été clairement définie (voir sections 4.7 et 4.2 du rapport ITIE 2023). De ce fait, aucune déclaration n’a été ventilée par projet.
C1242: SOCIETE LUALABA MINING RESOURCES SAS | D1242: DGI | E1242: Impôt mobilier | F1242: Non | G1242: Non | H1242: N/a | I1242: USD | J1242: 82555 | K1242: Non | L1242: N/a | M1242: N/a | N1242: Dans le contexte de la RDC, la notion de projet n’a pas été clairement définie (voir sections 4.7 et 4.2 du rapport ITIE 2023). De ce fait, aucune déclaration n’a été ventilée par projet.
C1243: SOCIETE UNITED COMINIERE SAS | D1243: DRTANG | E1243: Impôt sur la superficie des concessions Minières et des hydrocarbures | F1243: Non | G1243: Non | H1243: N/a | I1243: USD | J1243: 82023 | K1243: Non | L1243: N/a | M1243: N/a | N1243: Dans le contexte de la RDC, la notion de projet n’a pas été clairement définie (voir sections 4.7 et 4.2 du rapport ITIE 2023). De ce fait, aucune déclaration n’a été ventilée par projet.
C1244: METAL MINES SARL | D1244: CEEC | E1244: Frais de Certification | F1244: Non | G1244: Non | H1244: PE-5152 | I1244: USD | J1244: 81981 | K1244: Non | L1244: N/a | M1244: N/a | N1244: Dans le contexte de la RDC, la notion de projet n’a pas été clairement définie (voir sections 4.7 et 4.2 du rapport ITIE 2023). De ce fait, aucune déclaration n’a été ventilée par projet.
C1245: Société du Développement Industriel et Minier du Congo | D1245: CAMI | E1245: Droits superficiaires annuels par carré : CAMI (50%) | F1245: Non | G1245: Non | H1245: N/a | I1245: USD | J1245: 81262 | K1245: Non | L1245: N/a | M1245: N/a | N1245: Dans le contexte de la RDC, la notion de projet n’a pas été clairement définie (voir sections 4.7 et 4.2 du rapport ITIE 2023). De ce fait, aucune déclaration n’a été ventilée par projet.
C1246: RUASHI MINING | D1246: DGRAD | E1246: Taxe rémunératoire annuelle | F1246: Non | G1246: Non | H1246: Contrat de création N° 377/6713/SG/GC/2000 du 09 juin 2000-578-11751-13083--- | I1246: USD | J1246: 81025 | K1246: Non | L1246: N/a | M1246: N/a | N1246: Dans le contexte de la RDC, la notion de projet n’a pas été clairement définie (voir sections 4.7 et 4.2 du rapport ITIE 2023). De ce fait, aucune déclaration n’a été ventilée par projet.
C1247: LA MINIERE DE KASOMBO | D1247: Autres bénéficiaires | E1247: Paiements sociaux obligatoires | F1247: Non | G1247: Non | H1247: N/a | I1247: USD | J1247: 80842 | K1247: Non | L1247: N/a | M1247: N/a | N1247: Dans le contexte de la RDC, la notion de projet n’a pas été clairement définie (voir sections 4.7 et 4.2 du rapport ITIE 2023). De ce fait, aucune déclaration n’a été ventilée par projet.
C1248: LA MINIERE DE KALUMBWE MYUNGA | D1248: CEEC | E1248: Frais de Certification | F1248: Non | G1248: Non | H1248: PE-657 | I1248: USD | J1248: 80456 | K1248: Non | L1248: N/a | M1248: N/a | N1248: Dans le contexte de la RDC, la notion de projet n’a pas été clairement définie (voir sections 4.7 et 4.2 du rapport ITIE 2023). De ce fait, aucune déclaration n’a été ventilée par projet.
... C1342: SINO CONGOLAISE DES MINES | D1342: DGI | E1342: Impôt mobilier | F1342: Non | G1342: Non | H1342: Convention de JV N° 814/11199/SG/GC/2008 du 22 avril 2008-9681-9682---- | I1342: USD | J1342: 58264 | K1342: Non | L1342: N/a | M1342: N/a | N1342: Dans le contexte de la RDC, la notion de projet n’a pas été clairement définie (voir sections 4.7 et 4.2 du rapport ITIE 2023). De ce fait, aucune déclaration n’a été ventilée par projet.
C1343: YA FEI MINING SPRL | D1343: CAMI | E1343: Droits superficiaires annuels par carré : CAMI (50%) | F1343: Non | G1343: Non | H1343: N/a | I1343: USD | J1343: 58248 | K1343: Non | L1343: N/a | M1343: N/a
C1344: YA FEI MINING SPRL | D1344: DGRAD | E1344: Droits superficiaires annuels par carré : Quote-part Trésor (50%) | F1344: Non | G1344: Non | H1344: N/a | I1344: USD | J1344: 58248 | K1344: Non | L1344: N/a | M1344: N/a
C1345: CMOC KISANFU MINING SARL (Ex. PHELPS DODGE CONGO SARL) | D1345: DGRAD | E1345: Taxe de pollution | F1345: Non | G1345: Non | H1345: PE 815-15046-15230 | I1345: USD | J1345: 58135 | K1345: Non | L1345: N/a | M1345: N/a | N1345: Dans le contexte de la RDC, la notion de projet n’a pas été clairement définie (voir sections 4.7 et 4.2 du rapport ITIE 2023). De ce fait, aucune déclaration n’a été ventilée par projet.
C1346: MUANDA INTERNATIONAL OIL COMPANY | D1346: DGI | E1346: Avis de Mise en Recouvrement B | F1346: Non | G1346: Non | H1346: N/a | I1346: USD | J1346: 57875 | K1346: Non | L1346: N/a | M1346: N/a | N1346: Dans le contexte de la RDC, la notion de projet n’a pas été clairement définie (voir sections 4.7 et 4.2 du rapport ITIE 2023). De ce fait, aucune déclaration n’a été ventilée par projet.
C1347: THOMAS MINING SARL | D1347: DGI | E1347: Impôts Professionnel sur les Rémunérations et Exceptionnel sur la Rémunération des Expatriés | F1347: Non | G1347: Non | H1347: PEPM 13813-PE 15596-PE 15597 | I1347: USD | J1347: 57732 | K1347: Non | L1347: N/a | M1347: N/a | N1347: Dans le contexte de la RDC, la notion de projet n’a pas été clairement définie (voir sections 4.7 et 4.2 du rapport ITIE 2023). De ce fait, aucune déclaration n’a été ventilée par projet.
C1348: DFSA MINING CONGO SARL | D1348: CEEC | E1348: Frais d'Analyses | F1348: Non | G1348: Non | H1348: N/a | I1348: USD | J1348: 57623 | K1348: Non | L1348: N/a | M1348: N/a | N1348: Dans le contexte de la RDC, la notion de projet n’a pas été clairement définie (voir sections 4.7 et 4.2 du rapport ITIE 2023). De ce fait, aucune déclaration n’a été ventilée par projet.
C1349: KISANFU MINING | D1349: DGRAD | E1349: Pénalités versées à la DGRAD | F1349: Non | G1349: Non | H1349: Détentrice des PE,Aucun contrat-PE661-PE12123-15652-15653-15677- | I1349: USD | J1349: 57092 | K1349: Non | L1349: N/a | M1349: N/a | N1349: Dans le contexte de la RDC, la notion de projet n’a pas été clairement définie (voir sections 4.7 et 4.2 du rapport ITIE 2023). De ce fait, aucune déclaration n’a été ventilée par projet.
C1350: BOSS MINING | D1350: DOT BOSS MINING | E1350: Dotation Minimum 0,3 % du Chiffre d'Affaires des entreprises minières | F1350: Non | G1350: Non | H1350: N/a | I1350: USD | J1350: 56802 | K1350: Non | L1350: N/a | M1350: N/a | N1350: Dans le contexte de la RDC, la notion de projet n’a pas été clairement définie (voir sections 4.7 et 4.2 du rapport ITIE 2023). De ce fait, aucune déclaration n’a été ventilée par projet.
C1351: COMPAGNIE MINIERE DE KAMBOVE | D1351: GECAMINES | E1351: Loyers d'Amodiation et/ou rente mensuelle et Indemnisation pour perte des revenus escomptés à titre de contrat d’amodiation | F1351: Non | G1351: Non | H1351: Convention de JV N° 951/22805/SG/GC/2008 du 18 septembre 2008-PE11516-PE11517---- | I1351: USD | J1351: 56744 | K1351: Non | L1351: N/a | M1351: N/a | N1351: Dans le contexte de la RDC, la notion de projet n’a pas été clairement définie (voir sections 4.7 et 4.2 du rapport ITIE 2023). De ce fait, aucune déclaration n’a été ventilée par projet.
C1352: SOCIETE CNMC CONGO COMPAGNIE MINIERE SARL | D1352: FONAREV | E1352: Quotité redevance minière FONAREV | F1352: Non | G1352: Non | H1352: N/a | I1352: USD | J1352: 56727 | K1352: Non | L1352: N/a | M1352: N/a | N1352: Dans le contexte de la RDC, la notion de projet n’a pas été clairement définie (voir sections 4.7 et 4.2 du rapport ITIE 2023). De ce fait, aucune déclaration n’a été ventilée par projet.
C1353: DIVINE LAND MINING SARL | D1353: DRHKAT | E1353: Redevance Minière: Quote-part Province (25%) | F1353: Non | G1353: Non | H1353: N/a | I1353: USD | J1353: 56617 | K1353: Non | L1353: N/a | M1353: N/a | N1353: Dans le contexte de la RDC, la notion de projet n’a pas été clairement définie (voir sections 4.7 et 4.2 du rapport ITIE 2023). De ce fait, aucune déclaration n’a été ventilée par projet.
C1354: GOLDEN AFRICAN RESOURCES SARL | D1354: DGI | E1354: Impôts Professionnel sur les Rémunérations et Exceptionnel sur la Rémunération des Expatriés | F1354: Non | G1354: Non | H1354: N/a | I1354: USD | J1354: 56562 | K1354: Non | L1354: N/a | M1354: N/a | N1354: Dans le contexte de la RDC, la notion de projet n’a pas été clairement définie (voir sections 4.7 et 4.2 du rapport ITIE 2023). De ce fait, aucune déclaration n’a été ventilée par projet.
C1355: SOCIETE ANHUI CONGO D'INVESTIMENT MINIER | D1355: DGDA | E1355: Droits et Taxes A L'Exportation (Totale Quittance) | F1355: Non | G1355: Non | H1355: N/a | I1355: USD | J1355: 55808 | K1355: Non | L1355: N/a | M1355: N/a | N1355: Dans le contexte de la RDC, la notion de projet n’a pas été clairement définie (voir sections 4.7 et 4.2 du rapport ITIE 2023). De ce fait, aucune déclaration n’a été ventilée par projet.
C1356: OM METAL RESOURCES SARL | D1356: FOMIN | E1356: Redevances minières: FOMIN (10%) | F1356: Non | G1356: Non | H1356: N/a | I1356: USD | J1356: 55693 | K1356: Non | L1356: N/a | M1356: N/a | N1356: Dans le contexte de la RDC, la notion de projet n’a pas été clairement définie (voir sections 4.7 et 4.2 du rapport ITIE 2023). De ce fait, aucune déclaration n’a été ventilée par projet.
... C1406: SOCIETE MINIERE DU KATANGA | D1406: DGRAD | E1406: Police des Mines et Hydrocarbures | F1406: Non | G1406: Non | H1406: PE 1884-5236-12286-12510-12511-12512-13084 | I1406: USD | J1406: 49425 | K1406: Non | L1406: N/a | M1406: N/a | N1406: Dans le contexte de la RDC, la notion de projet n’a pas été clairement définie (voir sections 4.7 et 4.2 du rapport ITIE 2023). De ce fait, aucune déclaration n’a été ventilée par projet.
C1407: YA FEI MINING SPRL | D1407: DRHKAT | E1407: Impôt sur la superficie des concessions Minières et des hydrocarbures | F1407: Non | G1407: Non | H1407: N/a | I1407: USD | J1407: 49282 | K1407: Non | L1407: N/a | M1407: N/a
C1408: SABWE MINING SARL | D1408: DGRAD | E1408: Taxe de pollution | F1408: Non | G1408: Non | H1408: PE 12162-12172-12173-12175-12182-12183-12188-13093 | I1408: USD | J1408: 49204 | K1408: Non | L1408: N/a | M1408: N/a | N1408: Dans le contexte de la RDC, la notion de projet n’a pas été clairement définie (voir sections 4.7 et 4.2 du rapport ITIE 2023). De ce fait, aucune déclaration n’a été ventilée par projet.
C1409: DIVINE LAND MINING SARL | D1409: FONAREV | E1409: Quotité redevance minière FONAREV | F1409: Non | G1409: Non | H1409: N/a | I1409: USD | J1409: 49121 | K1409: Non | L1409: N/a | M1409: N/a | N1409: Dans le contexte de la RDC, la notion de projet n’a pas été clairement définie (voir sections 4.7 et 4.2 du rapport ITIE 2023). De ce fait, aucune déclaration n’a été ventilée par projet.
C1410: STE AGROPASTORALE DE LEMERA | D1410: DGDA | E1410: Droits et taxes à l'importation (Totale Quittance) | F1410: Non | G1410: Non | H1410: N/a | I1410: USD | J1410: 49079 | K1410: Non | L1410: N/a | M1410: N/a | N1410: Dans le contexte de la RDC, la notion de projet n’a pas été clairement définie (voir sections 4.7 et 4.2 du rapport ITIE 2023). De ce fait, aucune déclaration n’a été ventilée par projet.
C1411: LUILU RESSOURCES SAS | D1411: DGRAD | E1411: Taxe d’implantation | F1411: Non | G1411: Non | H1411: PE-8841 | I1411: USD | J1411: 48966 | K1411: Non | L1411: N/a | M1411: N/a | N1411: Dans le contexte de la RDC, la notion de projet n’a pas été clairement définie (voir sections 4.7 et 4.2 du rapport ITIE 2023). De ce fait, aucune déclaration n’a été ventilée par projet.
C1412: CHEMICAL OF AFRICA Sarl | D1412: CAMI | E1412: Frais de dépôt du dossier de la demande | F1412: Non | G1412: Non | H1412: Contrat d’amodiation avec CHEMAF N° 1170/20712/SG/GC/2010 du 08 septembre 2010, Contrat d’amodiation avec CHEMAF N° 1543/12624/SG/GC/2015 de juin 2015 Plus de 60 permis-Plusde60PEetPR----- | I1412: USD | J1412: 48535 | K1412: Non | L1412: N/a | M1412: N/a | N1412: Dans le contexte de la RDC, la notion de projet n’a pas été clairement définie (voir sections 4.7 et 4.2 du rapport ITIE 2023). De ce fait, aucune déclaration n’a été ventilée par projet.
C1413: METAL MINES SARL | D1413: CEEC | E1413: AUTRES FLUX (TAG, FRAIS DE PESAGE, FRAIS ENFUTAGE, ETIQUETAGE, EETC.) | F1413: Non | G1413: Non | H1413: PE-5152 | I1413: USD | J1413: 48500 | K1413: Non | L1413: N/a | M1413: N/a | N1413: Dans le contexte de la RDC, la notion de projet n’a pas été clairement définie (voir sections 4.7 et 4.2 du rapport ITIE 2023). De ce fait, aucune déclaration n’a été ventilée par projet.
C1414: ADUMBI MINING SARL | D1414: DGI | E1414: Impôts Professionnel sur les Rémunérations et Exceptionnel sur la Rémunération des Expatriés | F1414: Non | G1414: Non | H1414: N/a | I1414: USD | J1414: 48443 | K1414: Non | L1414: N/a | M1414: N/a | N1414: Dans le contexte de la RDC, la notion de projet n’a pas été clairement définie (voir sections 4.7 et 4.2 du rapport ITIE 2023). De ce fait, aucune déclaration n’a été ventilée par projet.
C1415: KISANFU MINING | D1415: DRLU | E1415: Impôt sur la superficie des concessions Minières et des hydrocarbures | F1415: Non | G1415: Non | H1415: Détentrice des PE,Aucun contrat-PE661-PE12123-15652-15653-15677- | I1415: USD | J1415: 48019 | K1415: Non | L1415: N/a | M1415: N/a | N1415: Dans le contexte de la RDC, la notion de projet n’a pas été clairement définie (voir sections 4.7 et 4.2 du rapport ITIE 2023). De ce fait, aucune déclaration n’a été ventilée par projet.
C1416: IVANHOE MINES RDC SARL (EX. SOCIETE IVAN PLATS SERVICES DRC) | D1416: CAMI | E1416: Droits superficiaires annuels par carré : CAMI (50%) | F1416: Non | G1416: Non | H1416: N/a | I1416: USD | J1416: 47872 | K1416: Non | L1416: N/a | M1416: N/a | N1416: Dans le contexte de la RDC, la notion de projet n’a pas été clairement définie (voir sections 4.7 et 4.2 du rapport ITIE 2023). De ce fait, aucune déclaration n’a été ventilée par projet.
C1417: IVANHOE MINES RDC SARL (EX. SOCIETE IVAN PLATS SERVICES DRC) | D1417: DGRAD | E1417: Droits superficiaires annuels par carré : Quote-part Trésor (50%) | F1417: Non | G1417: Non | H1417: N/a | I1417: USD | J1417: 47872 | K1417: Non | L1417: N/a | M1417: N/a | N1417: Dans le contexte de la RDC, la notion de projet n’a pas été clairement définie (voir sections 4.7 et 4.2 du rapport ITIE 2023). De ce fait, aucune déclaration n’a été ventilée par projet.
C1418: LA MINIERE DE KALUMBWE MYUNGA | D1418: DGRAD | E1418: Royalties : Quote-part Trésor (50%) | F1418: Non | G1418: Non | H1418: PE-657 | I1418: USD | J1418: 47247 | K1418: Non | L1418: N/a | M1418: N/a | N1418: Dans le contexte de la RDC, la notion de projet n’a pas été clairement définie (voir sections 4.7 et 4.2 du rapport ITIE 2023). De ce fait, aucune déclaration n’a été ventilée par projet.
C1419: COMPAGNIE MINIERE DE KAMBOVE | D1419: DGRAD | E1419: Pénalités versées à la DGRAD | F1419: Non | G1419: Non | H1419: Convention de JV N° 951/22805/SG/GC/2008 du 18 septembre 2008-PE11516-PE11517---- | I1419: USD | J1419: 47209 | K1419: Non | L1419: N/a | M1419: N/a | N1419: Dans le contexte de la RDC, la notion de projet n’a pas été clairement définie (voir sections 4.7 et 4.2 du rapport ITIE 2023). De ce fait, aucune déclaration n’a été ventilée par projet.
... C1666: LA MINIERE DE KALUMBWE MYUNGA | D1666: DGRAD | E1666: Police des Mines et Hydrocarbures | F1666: Non | G1666: Non | H1666: PE-657 | I1666: USD | J1666: 20457 | K1666: Non | L1666: N/a | M1666: N/a | N1666: Dans le contexte de la RDC, la notion de projet n’a pas été clairement définie (voir sections 4.7 et 4.2 du rapport ITIE 2023). De ce fait, aucune déclaration n’a été ventilée par projet.
C1667: YAMS MINING SARL | D1667: DGRAD | E1667: Droits superficiaires annuels par carré : Quote-part Trésor (50%) | F1667: Non | G1667: Non | H1667: N/a | I1667: USD | J1667: 20416 | K1667: Non | L1667: N/a | M1667: N/a
C1668: YAMS MINING SARL | D1668: CAMI | E1668: Droits superficiaires annuels par carré : CAMI (50%) | F1668: Non | G1668: Non | H1668: N/a | I1668: USD | J1668: 20396 | K1668: Non | L1668: N/a | M1668: N/a
C1669: STANVIC MINING SARL | D1669: CAMI | E1669: Droits superficiaires annuels par carré : CAMI (50%) | F1669: Non | G1669: Non | H1669: N/a | I1669: USD | J1669: 20346 | K1669: Non | L1669: N/a | M1669: N/a | N1669: Dans le contexte de la RDC, la notion de projet n’a pas été clairement définie (voir sections 4.7 et 4.2 du rapport ITIE 2023). De ce fait, aucune déclaration n’a été ventilée par projet.
C1670: STANVIC MINING SARL | D1670: DGRAD | E1670: Droits superficiaires annuels par carré : Quote-part Trésor (50%) | F1670: Non | G1670: Non | H1670: N/a | I1670: USD | J1670: 20346 | K1670: Non | L1670: N/a | M1670: N/a | N1670: Dans le contexte de la RDC, la notion de projet n’a pas été clairement définie (voir sections 4.7 et 4.2 du rapport ITIE 2023). De ce fait, aucune déclaration n’a été ventilée par projet.
C1671: STE MINIERE DE NDUBA SARL | D1671: CAMI | E1671: Droits superficiaires annuels par carré : CAMI (50%) | F1671: Non | G1671: Non | H1671: N/a | I1671: USD | J1671: 20242 | K1671: Non | L1671: N/a | M1671: N/a | N1671: Dans le contexte de la RDC, la notion de projet n’a pas été clairement définie (voir sections 4.7 et 4.2 du rapport ITIE 2023). De ce fait, aucune déclaration n’a été ventilée par projet.
...

Sheet Listes
A1: Tableau 1 - Codes de pays | I1: Tableau 2 - Options simples | K1: Tableau 3 - Options de déclaration | N1: Tableau 5 - Liste de matières premières | S1: Tableau 6 - Codes/Classification GFS | AA1: Tableau 7 - Secteurs | AC1: Tableau 8 - Phases de projet | AE1: Tableau 9 - Types d'agences gouvernementales
A2: Nom de pays ou région | B2: Code ISO de pays (alpha 2) | C2: Code ISO de devise (alpha 3) | D2: Code numérique ISO (UN M49) | E2: Code de devise (ISO 4217) | F2: Code numérique de devise (ISO 4217) | G2: Devise | I2: Liste | K2: Liste | N2: Code de produit HS | O2: Description de produit HS | P2: Description de produit HS av. volume | S2: Combiné | T2: Codes GFS des flux de revenus issus des entreprises extractives | U2: Code GFS | V2: GFS Niveau 1 | W2: GFS Niveau 2 | X2: GFS Niveau 3 | Y2: GFS Niveau 4 | AA2: Secteur (s) | AC2: Étapes du projet | AE2: Type d'Agence
A3: Afghanistan | B3: AF | C3: AFG | D3: 4 | E3: AFN | F3: 971 | G3: Afghani afghan | I3: <Sélectionner l’option> | K3: <Rapportage ITIE ou divulgation systématique?> | N3: 2606 | O3: Aluminium (2606) | P3: Aluminium (2606), volume | S3: Impôts ordinaires sur le revenu, le bénéfice et les plus-values (1112E1) | T3: Impôts ordinaires sur le revenu, le bénéfice et les plus-values | U3: 1112E1 | V3: Impôts (11E) | W3: Impôts sur le revenu, le bénéfice et les plus-values | X3: Impôts ordinaires sur le revenu, le bénéfice et les plus-values (1112E1) | Y3: Impôts ordinaires sur le revenu, le bénéfice et les plus-values (1112E1) | AA3: <Sélectionner le secteur> | AC3: <Sélectionner l’étape> | AE3: Administration centrale
A4: Afrique du Sud | B4: ZA | C4: ZAF | D4: 710 | E4: ZAR | F4: 710 | G4: Rand sud-africain | I4: Oui | K4: Oui, divulgation systématique | N4: 2524 | O4: Amiante (2524) | P4: Amiante (2524), volume | S4: Impôts extraordinaires sur le revenu, le bénéfice et les plus-values (1112E2) | T4: Impôts extraordinaires sur le revenu, le bénéfice et les plus-values | U4: 1112E2 | V4: Impôts (11E) | W4: Impôts sur le revenu, le bénéfice et les plus-values (111E) | X4: Impôts extraordinaires sur le revenu, le bénéfice et les plus-values (1112E2) | Y4: Impôts extraordinaires sur le revenu, le bénéfice et les plus-values (1112E2) | AA4: Pétrole | AC4: Prospection | AE4: Administration d'Etat fédéré
A5: Albanie | B5: AL | C5: ALB | D5: 8 | E5: ALL | F5: 8 | G5: Lek albanais | I5: Partiellement | K5: Oui, à travers le rapportage ITIE | N5: 2514 | O5: Ardoise (2514) | P5: Ardoise (2514), volume | S5: Impôts sur la masse salariale et la force de travail (112E) | T5: Impôts sur la masse salariale et la force de travail | U5: 112E | V5: Impôts (11E) | W5: Impôts sur la masse salariale et la force de travail (112E) | X5: Impôts sur la masse salariale et la force de travail (112E) | Y5: Impôts sur la masse salariale et la force de travail (112E) | AA5: Gaz | AC5: Production | AE5: Administration locale
A6: Algérie | B6: DZ | C6: DZA | D6: 12 | E6: DZD | F6: 12 | G6: Dinar algérien | I6: Non | K6: Sans objet. | N6: 7106 | O6: Argent (7106) | P6: Argent (7106), volume | S6: Impôts sur la propriété (113E) | T6: Impôts sur la propriété | U6: 113E | V6: Impôts (11E) | W6: Impôts sur la propriété (113E) | X6: Impôts sur la propriété (113E) | Y6: Impôts sur la propriété (113E) | AA6: Minier | AC6: Développement | AE6: Société publique financière et Entreprise d'Etat
A7: Allemagne | B7: DE | C7: DEU | D7: 276 | E7: EUR | F7: 978 | G7: Euro | I7: Sans objet | K7: Non disponible | N7: 7202 | O7: Ferro-alliages (7202) | P7: Ferro-alliages (7202), volume | S7: Impôts généraux sur les biens et services (TVA, taxes sur les ventes, taxes sur le chiffre d’affaires)(1141E) | T7: Impôts généraux sur les biens et services (TVA, taxes sur les ventes, taxes sur le chiffre d’affaires) | U7: 1141E | V7: Impôts (11E) | W7: Impôts sur les biens et services (114E) | X7: Impôts généraux sur les biens et services (TVA, taxes sur les ventes, taxes sur le chiffre d’affaires (1141E) | Y7: Impôts généraux sur les biens et services (TVA, taxes sur les ventes, taxes sur le chiffre d’affaires (1141E) | AA7: Sans objet | AC7: Autres | AE7: Autre
A8: Andorre | B8: AD | C8: AND | D8: 20 | E8: EUR | F8: 978 | G8: Euro | N8: 2509 | O8: Argile (2509) | P8: Argile (2509), volume | S8: Droits d’accise (1142E) | T8: Droits d’accise | U8: 1142E | V8: Impôts (11E) | W8: Impôts sur les biens et services (114E) | X8: Droits d’accise (1142E) | Y8: Droits d’accise (1142E) | AA8: Pétrole & Gaz | AC8: Sans objet
A9: Angola | B9: AO | C9: AGO | D9: 24 | E9: AOA | F9: 973 | G9: Kwanza angolais | I9: Tableau 4 - Liste des codes de devise | N9: 2617 | O9: Autres (2617) | P9: Autres (2617), volume | S9: Droits de licence (114521E) | T9: Droits de licence | U9: 114521E | V9: Impôts (11E) | W9: Impôts sur les biens et services (114E) | X9: Impôts sur l’usage de biens/permission d’utiliser des biens ou d’exécuter des activités (1145E) | Y9: Droits de licence (114521E) | AA9: Autres
A10: Anguilla | B10: AI | C10: AIA | D10: 660 | E10: XCD | F10: 951 | G10: Dollar des Caraïbes orientales | I10: Code de devise (ISO 4217) | J10: Code numérique de devise (ISO 4217) | K10: Devise | N10: 2508 | O10: Autres argiles (2508) | P10: Autres argiles (2508), volume | S10: Taxes sur les émissions et la pollution (114522E) | T10: Taxes sur les émissions et la pollution | U10: 114522E | V10: Impôts (11E) | W10: Impôts sur les biens et services (114E) | X10: Impôts sur l’usage de biens/permission d’utiliser des biens ou d’exécuter des activités (1145E) | Y10: Taxes sur les émissions et la pollution (114522E)
A11: Antigua et Barbuda | B11: AG | C11: ATG | D11: 28 | E11: XCD | F11: 951 | G11: Dollar des Caraïbes orientales | I11: AED | J11: 784 | K11: Dirham des émirats arabes unis | N11: 2621 | O11: Autres cendres et mâchefer (2621) | P11: Autres cendres et mâchefer (2621), volume | S11: Taxes sur les véhicules à moteur (11451E) | T11: Taxes sur les véhicules à moteur | U11: 11451E | V11: Impôts (11E) | W11: Impôts sur les biens et services (114E) | X11: Impôts sur l’usage de biens/permission d’utiliser des biens ou d’exécuter des activités (1145E) | Y11: Taxes sur les véhicules à moteur (11451E)
A12: Antilles néerlandaises | B12: AN | C12: ANT | D12: 530 | E12: ANG | F12: 532 | G12: Florin des Antilles néerlandaises | I12: AFN | J12: 971 | K12: Afghani afghan | N12: 2714 | O12: Bitume et asphalte (2714) | P12: Bitume et asphalte (2714), volume | S12: Droits de douane et autres droits d’importation (1151E) | T12: Droits de douane et autres droits d’importation | U12: 1151E | V12: Impôts (11E) | W12: Taxes sur le commerce et les transactions au niveau international (115E) | X12: Droits de douane et autres droits d’importation (1151E) | Y12: Droits de douane et autres droits d’importation (1151E)
A13: Arabie saoudite | B13: SA | C13: SAU | D13: 682 | E13: SAR | F13: 682 | G13: Rial saoudite | I13: ALL | J13: 8 | K13: Lek albanais | N13: 2528 | O13: Borates et concentrés naturels (2528) | P13: Borates et concentrés naturels (2528), volume | S13: Taxes sur les exportations (1152E) | T13: Taxes sur les exportations | U13: 1152E | V13: Impôts (11E) | W13: Taxes sur le commerce et les transactions au niveau international (115E) | X13: Taxes sur les exportations (1152E) | Y13: Taxes sur les exportations (1152E)
A14: Argentine | B14: AR | C14: ARG | D14: 32 | E14: ARS | F14: 32 | G14: Peso argentin | I14: AMD | J14: 51 | K14: Dram arménien | N14: 2517 | O14: Cailloux (2517) | P14: Cailloux (2517), volume | S14: Bénéfices des monopoles fiscaux sur les ressources naturelles (1153E1) | T14: Bénéfices des monopoles fiscaux sur les ressources naturelles | U14: 1153E1 | V14: Impôts (11E) | W14: Taxes sur le commerce et les transactions au niveau international (115E) | X14: Bénéfices des monopoles fiscaux sur les ressources naturelles (1153E1) | Y14: Bénéfices des monopoles fiscaux sur les ressources naturelles (1153E1)
A15: Arménie | B15: AM | C15: ARM | D15: 51 | E15: AMD | F15: 51 | G15: Dram arménien | I15: ANG | J15: 532 | K15: Florin des Antilles néerlandaises | N15: 2521 | O15: Calcaire (2521) | P15: Calcaire (2521), volume | S15: Autres impôts payés par les entreprises exploitant des ressources naturelles (116E) | T15: Autres impôts payés par les entreprises exploitant des ressources naturelles | U15: 116E | V15: Impôts (11E) | W15: Autres impôts payés par les entreprises exploitant des ressources naturelles (116E) | X15: Autres impôts payés par les entreprises exploitant des ressources naturelles (116E) | Y15: Autres impôts payés par les entreprises exploitant des ressources naturelles (116E)
A16: Aruba | B16: AW | C16: ABW | D16: 533 | E16: AWG | F16: 533 | G16: Florin d’Aruba | I16: AOA | J16: 973 | K16: Kwanza angolais | N16: 2519 | O16: Carbonate de magnésium naturel (2519) | P16: Carbonate de magnésium naturel (2519), volume | S16: Cotisations patronales à la sécurité sociale (1212E) | T16: Cotisations patronales à la sécurité sociale | U16: 1212E | V16: Cotisations sociales (12E) | W16: Cotisations patronales à la sécurité sociale (1212E) | X16: Cotisations patronales à la sécurité sociale (1212E) | Y16: Cotisations patronales à la sécurité sociale (1212E)
A17: Australie | B17: AU | C17: AUS | D17: 36 | E17: AUD | F17: 36 | G17: Dollar australien | I17: ARS | J17: 32 | K17: Peso argentin | N17: 2620 | O17: Cendres et résidus (2620) | P17: Cendres et résidus (2620), volume | S17: Des entreprises d’État (1412E1) | T17: Des entreprises d’État | U17: 1412E1 | V17: Autre revenu (14E) | W17: Revenu dégagé de la propriété (141E) | X17: Dividendes (1412E) | Y17: Des entreprises d’État (1412E1)
A18: Autriche | B18: AT | C18: AUT | D18: 40 | E18: EUR | F18: 978 | G18: Euro | I18: AUD | J18: 36 | K18: Dollar australien | N18: 2701 | O18: Charbon (2701) | P18: Charbon (2701), volume | S18: Provenant de la participation de l’État (1412E2) | T18: Provenant de la participation de l’État | U18: 1412E2 | V18: Autre revenu (14E) | W18: Revenu dégagé de la propriété (141E) | X18: Dividendes (1412E) | Y18: Provenant de la participation de l’État (1412E2)
A19: Azerbaïdjan | B19: AZ | C19: AZE | D19: 31 | E19: AZN | F19: 944 | G19: Manat azéri | I19: AWG | J19: 533 | K19: Florin d’Aruba | N19: 2522 | O19: Chaux vive (2522) | P19: Chaux vive (2522), volume | S19: Retraits à partir du revenu de quasi-sociétés (1413E) | T19: Retraits à partir du revenu de quasi-sociétés | U19: 1413E | V19: Autre revenu (14E) | W19: Revenu dégagé de la propriété (141E) | X19: Retraits à partir du revenu de quasi-sociétés (1413E) | Y19: Retraits à partir du revenu de quasi-sociétés (1413E)
A20: Bahamas | B20: BS | C20: BHS | D20: 44 | E20: BSD | F20: 44 | G20: Dollar bahamien | I20: AZN | J20: 944 | K20: Manat azéri | N20: 2610 | O20: Chrome (2610) | P20: Chrome (2610), volume | S20: Redevances (1415E1) | T20: Redevances | U20: 1415E1 | V20: Autre revenu (14E) | W20: Revenu dégagé de la propriété (141E) | X20: Loyers (1415E) | Y20: Redevances (1415E1)
A21: Bahreïn | B21: BH | C21: BHR | D21: 48 | E21: BHD | F21: 48 | G21: Dinar de Bahreïn | I21: BAM | J21: 977 | K21: Mark convertible de Bosnie-Herzégovine | N21: 2523 | O21: Ciment Portland (2523) | P21: Ciment Portland (2523), volume | S21: Primes (1415E2) | T21: Primes | U21: 1415E2 | V21: Autre revenu (14E) | W21: Revenu dégagé de la propriété (141E) | X21: Loyers (1415E) | Y21: Primes (1415E2)
A22: Bangladesh | B22: BD | C22: BGD | D22: 50 | E22: BDT | F22: 50 | G22: Taka bangladeshi | I22: BBD | J22: 52 | K22: Dollar de la Barbade | N22: 2605 | O22: Cobalt (2605) | P22: Cobalt (2605), volume | S22: Livré/payé directement à l’État (1415E31) | T22: Livré/payé directement à l’État | U22: 1415E31 | V22: Autre revenu (14E) | W22: Revenu dégagé de la propriété (141E) | X22: Loyers (1415E) | Y22: Droits sur la production (en nature ou en espèces)(1415E3)
... A30: Bolivie | B30: BO | C30: BOL | D30: 68 | E30: BOB | F30: 68 | G30: Boliviano bolivien | I30: BRL | J30: 986 | K30: Réal brésilien | N30: 2609 | O30: Étain (2609) | P30: Étain (2609), volume | S30: <Sélectionner à partir du menu> | T30: <Sélectionner à partir du menu> | U30: <Sélectionner à partir du menu> | V30: <Sélectionner à partir du menu> | W30: <Sélectionner à partir du menu> | X30: <Sélectionner à partir du menu> | Y30: <Sélectionner à partir du menu>
A31: Bosnie-Herzégovine | B31: BA | C31: BIH | D31: 70 | E31: BAM | F31: 977 | G31: Mark convertible de Bosnie-Herzégovine | I31: BSD | J31: 44 | K31: Dollar bahamien | N31: 2512 | O31: Farines siliceuses fossiles (2512) | P31: Farines siliceuses fossiles (2512), volume
A32: Botswana | B32: BW | C32: BWA | D32: 72 | E32: BWP | F32: 72 | G32: Pula du Botswana | I32: BTN | J32: 64 | K32: Nutum du Bhoutan | N32: 2529 | O32: Feldspath (2529) | P32: Feldspath (2529), volume
A33: Brésil | B33: BR | C33: BRA | D33: 76 | E33: BRL | F33: 986 | G33: Réal brésilien | I33: BWP | J33: 72 | K33: Pula du Botswana | N33: 2601 | O33: Fer (2601) | P33: Fer (2601), volume
A34: Bulgarie | B34: BG | C34: BGR | D34: 100 | E34: BGN | F34: 975 | G34: Lev bulgare (ancien) | I34: BYR | J34: 974 | K34: Rouble de Belarus | N34: 2705 | O34: Gaz de charbon (2705) | P34: Gaz de charbon (2705), volume
A35: Burkina Faso | B35: BF | C35: BFA | D35: 854 | E35: XOF | F35: 952 | G35: Franc CFA d’Afrique de l’Ouest | I35: BZD | J35: 84 | K35: Dollar de Belize | N35: 2711 | O35: Gaz naturel (2711) | P35: Gaz naturel (2711), volume
A36: Burundi | B36: BI | C36: BDI | D36: 108 | E36: BIF | F36: 108 | G36: Franc du Burundi | I36: CAD | J36: 124 | K36: Dollar canadien | N36: 2712 | O36: Gelée de pétrole (2712) | P36: Gelée de pétrole (2712), volume
A37: Cambodge | B37: KH | C37: KHM | D37: 116 | E37: KHR | F37: 116 | G37: Riel cambodgien | I37: CDF | J37: 976 | K37: Franc congolais | N37: 2706 | O37: Goudron distillé à partir de charbon (2706) | P37: Goudron distillé à partir de charbon (2706), volume
A38: Cameroun | B38: CM | C38: CMR | D38: 120 | E38: XAF | F38: 950 | G38: Franc CFA d’Afrique centrale | I38: CHF | J38: 756 | K38: Franc suisse | N38: 2516 | O38: Granite (2516) | P38: Granite (2516), volume
A39: Canada | B39: CA | C39: CAN | D39: 124 | E39: CAD | F39: 124 | G39: Dollar canadien | I39: CLF | J39: 990 | K39: Unidad de Fomento chilien | N39: 2504 | O39: Graphite naturel (2504) | P39: Graphite naturel (2504), volume
A40: Cap Vert | B40: CV | C40: CPV | D40: 132 | E40: CVE | F40: 132 | G40: Escudo cap-verdien | I40: CNH | J40: 0 | K40: Yuan renminbi chinois (off-shore) | N40: 2520 | O40: Gypse (2520) | P40: Gypse (2520), volume
A41: Chili | B41: CL | C41: CHL | D41: 152 | E41: CLF | F41: 990 | G41: Unidad de Fomento chilien | I41: COP | J41: 170 | K41: Peso colombien | N41: 2710 | O41: Huiles de pétrole hors pétrole brut (2710) | P41: Huiles de pétrole hors pétrole brut (2710), volume
A42: Chine | B42: CN | C42: CHN | D42: 156 | E42: CNH | F42: 0 | G42: Yuan renminbi chinois (off-shore) | I42: CRC | J42: 188 | K42: Colon costaricain | N42: 2507 | O42: Kaolin (2507) | P42: Kaolin (2507), volume
... A71: Géorgie | B71: GE | C71: GEO | D71: 268 | E71: GEL | F71: 981 | G71: Lari géorgien | I71: ILS | J71: 376 | K71: Nouveau shekel israélien | N71: 2611 | O71: Tungstène (2611) | P71: Tungstène (2611), volume
A72: Géorgie du Sud et les Îles Sandwich du Sud | B72: GS | C72: SGS | D72: 239 | I72: IMP | J72: 0 | K72: Livre de l’Île de Man | N72: 2612 | O72: Uranium ou thorium (2612) | P72: Uranium ou thorium (2612), volume
A73: Ghana | B73: GH | C73: GHA | D73: 288 | E73: GHS | F73: 936 | G73: Cedi ghanéen | I73: INR | J73: 356 | K73: Roupie indienne | N73: 2608 | O73: Zinc (2608) | P73: Zinc (2608), volume
A74: Gibraltar | B74: GI | C74: GIB | D74: 292 | E74: GIP | F74: 292 | G74: Livre de Gibraltar | I74: IQD | J74: 368 | K74: Dinar irakien | N74: 7103 | O74: Pierres gemmes (précieuses ou fines) autres que les diamants (7103) | P74: Pierres gemmes (précieuses ou fines) autres que les diamants (7103), volume
A75: Grèce | B75: GR | C75: GRC | D75: 300 | E75: EUR | F75: 978 | G75: Euro | I75: IRR | J75: 364 | K75: Rial iranien
A76: Grenade | B76: GD | C76: GRD | D76: 308 | E76: XCD | F76: 951 | G76: Dollar des Caraïbes orientales | I76: ISK | J76: 352 | K76: Couronne islandaise
A77: Groenland | B77: GL | C77: GRL | D77: 304 | E77: DKK | F77: 208 | G77: Couronne danoise | I77: JEP | J77: 0 | K77: Livre de Jersey
A78: Guadeloupe | B78: GP | C78: GLP | D78: 312 | E78: EUR | F78: 978 | G78: Euro | I78: JMD | J78: 388 | K78: Dollar de la Jamaïque
A79: Guam | B79: GU | C79: GUM | D79: 316 | E79: USD | F79: 840 | G79: Dollar des États-Unis | I79: JOD | J79: 400 | K79: Dinar jordanien
A80: Guatemala | B80: GT | C80: GTM | D80: 320 | E80: GTQ | F80: 320 | G80: Quetzal guatémaltèque | I80: JPY | J80: 392 | K80: Yen japonais
A81: Guernesey | B81: GG | C81: GGY | D81: 831 | E81: GGP | F81: 0 | G81: Livre | I81: KES | J81: 404 | K81: Shilling kenyan
A82: Guinée | B82: GN | C82: GIN | D82: 324 | E82: GNF | F82: 324 | G82: Franc guinéen | I82: KGS | J82: 417 | K82: Sum kirghize
A83: Guinée équatoriale | B83: GQ | C83: GNQ | D83: 226 | E83: XAF | F83: 950 | G83: Franc CFA d’Afrique centrale | I83: KHR | J83: 116 | K83: Riel cambodgien
A84: Guinée-Bissau | B84: GW | C84: GNB | D84: 624 | E84: XOF | F84: 952 | G84: Franc CFA d’Afrique de l’Ouest | I84: KMF | J84: 174 | K84: Franc comorien
A85: Guyana | B85: GY | C85: GUY | D85: 328 | E85: GYD | F85: 328 | G85: Dollar guyanais | I85: KPW | J85: 408 | K85: Won nord-coréen
A86: Guyane française | B86: GF | C86: GUF | D86: 254 | E86: EUR | F86: 978 | G86: Euro | I86: KRW | J86: 410 | K86: Won sud-coréen
... A93: Îles Féroé | B93: FO | C93: FRO | D93: 234 | E93: DKK | F93: 208 | G93: Couronne danoise | I93: LRD | J93: 430 | K93: Dollar du Libéria
A94: Îles Heard et McDonald | B94: HM | C94: HMD | D94: 334 | I94: LSL | J94: 426 | K94: Loti du Lesotho
A95: Îles Keeling | B95: CC | C95: CCK | D95: 166 | E95: AUD | F95: 36 | G95: Dollar australien | I95: LYD | J95: 434 | K95: Dinar libyen
A96: Îles Marianne septentrionales | B96: MP | C96: MNP | D96: 580 | E96: USD | F96: 840 | G96: Dollar des États-Unis | I96: MAD | J96: 504 | K96: Dirham marocain
A97: Îles Marshall | B97: MH | C97: MHL | D97: 584 | E97: USD | F97: 840 | G97: Dollar des États-Unis | I97: MDL | J97: 498 | K97: Leu moldave
A98: Îles Norfolk | B98: NF | C98: NFK | D98: 574 | I98: MGA | J98: 969 | K98: Ariary malgache
A99: Îles Salomon | B99: KY | C99: CYM | D99: 136 | E99: KYD | F99: 136 | G99: Dollar des Îles Caïman | I99: MKD | J99: 807 | K99: Denar macédonien
A100: Îles Salomon | B100: SB | C100: SLB | D100: 90 | E100: SBD | F100: 90 | G100: Dollar des Îles Salomon | I100: MMK | J100: 104 | K100: Kyat birman
A101: Îles Svalbard et Jan Mayen | B101: SJ | C101: SJM | D101: 744 | I101: MNT | J101: 496 | K101: Tugrik mongole
A102: Îles Turques et Caïques | B102: TC | C102: TCA | D102: 796 | E102: USD | F102: 840 | G102: Dollar des États-Unis | I102: MOP | J102: 446 | K102: Patca de Macao
A103: Îles Vierges britanniques | B103: VG | C103: VGB | D103: 92 | E103: USD | F103: 840 | G103: Dollar des États-Unis | I103: MRO | J103: 478 | K103: Ouguiya mauritanien
A104: Îles Vierges, États-Unis | B104: VI | C104: VIR | D104: 850 | E104: USD | F104: 840 | G104: Dollar des États-Unis | I104: MUR | J104: 480 | K104: Roupie mauricienne
A105: Îles Wallis et Futuna | B105: WF | C105: WLF | D105: 876 | I105: MVR | J105: 462 | K105: Rufiyaa des Maldives
A106: Îles Åland | B106: AX | C106: ALA | D106: 248 | E106: EUR | F106: 978 | G106: Euro | I106: MWK | J106: 454 | K106: Kwacha du Malawi
A107: Inde | B107: IN | C107: IND | D107: 356 | E107: INR | F107: 356 | G107: Roupie indienne | I107: MXN | J107: 484 | K107: Peso mexicain
A108: Indonésie | B108: ID | C108: IDN | D108: 360 | E108: IDR | F108: 360 | G108: Roupie indonésienne | I108: MYR | J108: 458 | K108: Ringgit malais
A109: Irak | B109: IQ | C109: IRQ | D109: 368 | E109: IQD | F109: 368 | G109: Dinar irakien | I109: MZN | J109: 943 | K109: Metical mozambicain
A110: Iran | B110: IR | C110: IRN | D110: 364 | E110: IRR | F110: 364 | G110: Rial iranien | I110: NAD | J110: 516 | K110: Dollar namibien
A111: Irlande | B111: IE | C111: IRL | D111: 372 | E111: EUR | F111: 978 | G111: Euro | I111: NGN | J111: 566 | K111: Naira nigérian
A112: Islande | B112: IS | C112: ISL | D112: 352 | E112: ISK | F112: 352 | G112: Couronne islandaise | I112: NIO | J112: 558 | K112: Cordoba oro nicaraguayen
A113: Israël | B113: IL | C113: ISR | D113: 376 | E113: ILS | F113: 376 | G113: Nouveau shekel israélien | I113: NOK | J113: 578 | K113: Couronne norvégienne
A114: Italie | B114: IT | C114: ITA | D114: 380 | E114: EUR | F114: 978 | G114: Euro | I114: NPR | J114: 524 | K114: Roupie népalaise
A115: Jamaïque | B115: JM | C115: JAM | D115: 388 | E115: JMD | F115: 388 | G115: Dollar de la Jamaïque | I115: NZD | J115: 554 | K115: Dollar néo-zélandais
A116: Japon | B116: JP | C116: JPN | D116: 392 | E116: JPY | F116: 392 | G116: Yen japonais | I116: OMR | J116: 512 | K116: Rial omanais
A117: Jersey | B117: JE | C117: JEY | D117: 832 | E117: JEP | F117: 0 | G117: Livre de Jersey | I117: PAB | J117: 590 | K117: Balboa panaméen
... A120: Kenya | B120: KE | C120: KEN | D120: 404 | E120: KES | F120: 404 | G120: Shilling kenyan | I120: PHP | J120: 608 | K120: Peso philippin
A121: Kiribati | B121: KI | C121: KIR | D121: 296 | I121: PKR | J121: 586 | K121: Roupie pakistanaise
A122: Kosovo | B122: XK | C122: XKX | D122: - | E122: EUR | F122: 978 | G122: Euro | I122: PLN | J122: 985 | K122: Zloty polonais
A123: Koweït | B123: KW | C123: KWT | D123: 414 | E123: KWD | F123: 414 | G123: Dinar koweitien | I123: PYG | J123: 600 | K123: Guarani paraguayen
A124: Lesotho | B124: LS | C124: LSO | D124: 426 | E124: LSL | F124: 426 | G124: Loti du Lesotho | I124: QAR | J124: 634 | K124: Riyal du Qatar
A125: Lettonie | B125: LV | C125: LVA | D125: 428 | E125: EUR | F125: 978 | G125: Euro | I125: RON | J125: 946 | K125: Leu roumain
A126: Liban | B126: LB | C126: LBN | D126: 422 | E126: LBP | F126: 422 | G126: Livre libanaise | I126: RSD | J126: 941 | K126: Dinar serbe
A127: Libéria | B127: LR | C127: LBR | D127: 430 | E127: LRD | F127: 430 | G127: Dollar du Libéria | I127: RUB | J127: 643 | K127: Rouble russe
A128: Libye | B128: LY | C128: LBY | D128: 434 | E128: LYD | F128: 434 | G128: Dinar libyen | I128: RWF | J128: 646 | K128: Franc rwandais
A129: Liechtenstein | B129: LI | C129: LIE | D129: 438 | E129: CHF | F129: 756 | G129: Franc suisse | I129: SAR | J129: 682 | K129: Rial saoudite
A130: Lituanie | B130: LT | C130: LTU | D130: 440 | E130: EUR | F130: 978 | G130: Euro | I130: SBD | J130: 90 | K130: Dollar des Îles Salomon
A131: Luxembourg | B131: LU | C131: LUX | D131: 442 | E131: EUR | F131: 978 | G131: Euro | I131: SCR | J131: 690 | K131: Roupie seychelloise
A132: Macao | B132: MO | C132: MAC | D132: 446 | E132: MOP | F132: 446 | G132: Patca de Macao | I132: SDG | J132: 938 | K132: Livre soudanaise
A133: Macédoine | B133: MK | C133: MKD | D133: 807 | E133: MKD | F133: 807 | G133: Denar macédonien | I133: SEK | J133: 752 | K133: Couronne suédoise
... A155: Namibie | B155: NA | C155: NAM | D155: 516 | E155: NAD | F155: 516 | G155: Dollar namibien | I155: USD | J155: 840 | K155: Dollar des États-Unis
A156: Nauru | B156: NR | C156: NRU | D156: 520 | I156: USD
A157: Népal | B157: NP | C157: NPL | D157: 524 | E157: NPR | F157: 524 | G157: Roupie népalaise | I157: UYU | J157: 858 | K157: Peso uruguayen
A158: Nicaragua | B158: NI | C158: NIC | D158: 558 | E158: NIO | F158: 558 | G158: Cordoba oro nicaraguayen | I158: UZS | J158: 860 | K158: Sum ouzbèque
A159: Niger | B159: NE | C159: NER | D159: 562 | E159: XOF | F159: 952 | G159: Franc CFA d’Afrique de l’Ouest | I159: VEF | J159: 937 | K159: Bolivar fuerte vénézuélien
A160: Nigeria | B160: NG | C160: NGA | D160: 566 | E160: NGN | F160: 566 | G160: Naira nigérian | I160: VND | J160: 704 | K160: Dong vietnamien
A161: Niue | B161: NU | C161: NIU | D161: 570 | I161: VUV | J161: 548 | K161: Vatu de Vanuatu
A162: Norvège | B162: NO | C162: NOR | D162: 578 | E162: NOK | F162: 578 | G162: Couronne norvégienne | I162: WST | J162: 882 | K162: Tala de Samoa
A163: Nouvelle Calédonie | B163: NC | C163: NCL | D163: 540 | I163: XAF | J163: 950 | K163: Franc CFA d’Afrique centrale
A164: Nouvelle-Zélande | B164: NZ | C164: NZL | D164: 554 | E164: NZD | F164: 554 | G164: Dollar néo-zélandaise | I164: XCD | J164: 951 | K164: Dollar des Caraïbes orientales
...
